Workbook
Name POWER_USER_EXCEL_CHART_2BE11F07_D536_425E_973E_1E7130578BF4: 'Cost Schedule'!#REF!
Name POWER_USER_EXCEL_CHART_5CB79512_1C5F_4AE3_879A_21B3693CBDBE: 'Cost Schedule'!#REF!
Name POWER_USER_EXCEL_CHART_63D56864_BBA7_47C5_B2DC_E7EFE2E45C09: 'Cost Schedule'!#REF!
Name POWER_USER_EXCEL_CHART_7EA2236E_C4CA_4461_9F60_62EF14C2E22E: 'Cost Schedule'!$E$16,'Cost Schedule'!$E$26,'Cost Schedule'!$E$44,'Cost Schedule'!$E$57,'Cost Schedule'!$E$69,'Cost Schedule'!$E$86,'Cost Schedule'!$E$92
Name POWER_USER_EXCEL_CHART_8BB8FBD6_26C1_41AB_92FC_66F0F3099217: 'Cost Schedule'!#REF!
Name POWER_USER_EXCEL_CHART_9FDC5456_C2FF_4E82_BE8E_C10351EDB04E: 'Cost Schedule'!#REF!
Name POWER_USER_EXCEL_CHART_C4E6A1C0_967F_4598_A438_E30DF51B5EFD: 'Cost Schedule'!#REF!
Name POWER_USER_EXCEL_CHART_E2BA8E31_B725_408D_9F6D_080BC53DAD1F: 'Cost Schedule'!#REF!
Name POWER_USER_EXCEL_CHART_F97360F7_C7EA_40DB_AC91_EA152F07BC43: 'Cost Schedule'!#REF!

Sheet Cost Schedule
H2: Legend
H3: Blue = Input
H4: Black = Output/Calculation
I5: Total | K5: =EDATE('Accom_Phase Schedule'!C53,-5) -> 43831 | L5: =EDATE(K5,1) -> 43862 | M5: =EDATE(L5,1) -> 43891 | N5: =EDATE(M5,1) -> 43922 | O5: =EDATE(N5,1) -> 43952 | P5: =EDATE(O5,1) -> 43983 | Q5: =EDATE(P5,1) -> 44013 | R5: =EDATE(Q5,1) -> 44044 | S5: =EDATE(R5,1) -> 44075 | ... BC5: =EDATE(BB5,1) -> 45170
B6: Development Costs | H6: Cost Flow
B8: Admin Costs
B10: Cost | C10: Assumption | D10: Frequency | E10: Estimate
B11: Accountancy | C11: 1000 | D11: Quarterly | E11: =-I11 -> 8000 | H11: =B11 -> Accountancy | I11: =SUM(K11:BC11) -> -8000 | K11: =(K$5<'Accom_Phase Schedule'!$E$58)*IF(MOD(DATEDIF($K$5,K$5,"m"),IF($D11="monthly",1,IF($D11="Quarterly",3,6)))=0,-$C11,0) -> -1000 | L11: =(L$5<'Accom_Phase Schedule'!$E$58)*IF(MOD(DATEDIF($K$5,L$5,"m"),IF($D11="monthly",1,IF($D11="Quarterly",3,6)))=0,-$C11,0) -> 0 | M11: =(M$5<'Accom_Phase Schedule'!$E$58)*IF(MOD(DATEDIF($K$5,M$5,"m"),IF($D11="monthly",1,IF($D11="Quarterly",3,6)))=0,-$C11,0) -> 0 | N11: =(N$5<'Accom_Phase Schedule'!$E$58)*IF(MOD(DATEDIF($K$5,N$5,"m"),IF($D11="monthly",1,IF($D11="Quarterly",3,6)))=0,-$C11,0) -> -1000 | O11: =(O$5<'Accom_Phase Schedule'!$E$58)*IF(MOD(DATEDIF($K$5,O$5,"m"),IF($D11="monthly",1,IF($D11="Quarterly",3,6)))=0,-$C11,0) -> 0 | P11: =(P$5<'Accom_Phase Schedule'!$E$58)*IF(MOD(DATEDIF($K$5,P$5,"m"),IF($D11="monthly",1,IF($D11="Quarterly",3,6)))=0,-$C11,0) -> 0 | Q11: =(Q$5<'Accom_Phase Schedule'!$E$58)*IF(MOD(DATEDIF($K$5,Q$5,"m"),IF($D11="monthly",1,IF($D11="Quarterly",3,6)))=0,-$C11,0) -> -1000 | R11: =(R$5<'Accom_Phase Schedule'!$E$58)*IF(MOD(DATEDIF($K$5,R$5,"m"),IF($D11="monthly",1,IF($D11="Quarterly",3,6)))=0,-$C11,0) -> 0 | ... BC11: =(BC$5<'Accom_Phase Schedule'!$E$58)*IF(MOD(DATEDIF($K$5,BC$5,"m"),IF($D11="monthly",1,IF($D11="Quarterly",3,6)))=0,-$C11,0) -> 0
B12: Insurance | C12: 1500 | D12: Bi-annual | E12: =-I12 -> 6000 | H12: =B12 -> Insurance | I12: =SUM(K12:BC12) -> -6000 | K12: =(K$5<'Accom_Phase Schedule'!$E$58)*IF(MOD(DATEDIF($K$5,K$5,"m"),IF($D12="monthly",1,IF($D12="Quarterly",3,6)))=0,-$C12,0) -> -1500 | L12: =(L$5<'Accom_Phase Schedule'!$E$58)*IF(MOD(DATEDIF($K$5,L$5,"m"),IF($D12="monthly",1,IF($D12="Quarterly",3,6)))=0,-$C12,0) -> 0 | M12: =(M$5<'Accom_Phase Schedule'!$E$58)*IF(MOD(DATEDIF($K$5,M$5,"m"),IF($D12="monthly",1,IF($D12="Quarterly",3,6)))=0,-$C12,0) -> 0 | N12: =(N$5<'Accom_Phase Schedule'!$E$58)*IF(MOD(DATEDIF($K$5,N$5,"m"),IF($D12="monthly",1,IF($D12="Quarterly",3,6)))=0,-$C12,0) -> 0 | O12: =(O$5<'Accom_Phase Schedule'!$E$58)*IF(MOD(DATEDIF($K$5,O$5,"m"),IF($D12="monthly",1,IF($D12="Quarterly",3,6)))=0,-$C12,0) -> 0 | P12: =(P$5<'Accom_Phase Schedule'!$E$58)*IF(MOD(DATEDIF($K$5,P$5,"m"),IF($D12="monthly",1,IF($D12="Quarterly",3,6)))=0,-$C12,0) -> 0 | Q12: =(Q$5<'Accom_Phase Schedule'!$E$58)*IF(MOD(DATEDIF($K$5,Q$5,"m"),IF($D12="monthly",1,IF($D12="Quarterly",3,6)))=0,-$C12,0) -> -1500 | R12: =(R$5<'Accom_Phase Schedule'!$E$58)*IF(MOD(DATEDIF($K$5,R$5,"m"),IF($D12="monthly",1,IF($D12="Quarterly",3,6)))=0,-$C12,0) -> 0 | ... BC12: =(BC$5<'Accom_Phase Schedule'!$E$58)*IF(MOD(DATEDIF($K$5,BC$5,"m"),IF($D12="monthly",1,IF($D12="Quarterly",3,6)))=0,-$C12,0) -> 0
B13: Bank Charges | C13: 100 | D13: Monthly | E13: =-I13 -> 2400 | H13: =B13 -> Bank Charges | I13: =SUM(K13:BC13) -> -2400 | K13: =(K$5<'Accom_Phase Schedule'!$E$58)*IF(MOD(DATEDIF($K$5,K$5,"m"),IF($D13="monthly",1,IF($D13="Quarterly",3,6)))=0,-$C13,0) -> -100 | L13: =(L$5<'Accom_Phase Schedule'!$E$58)*IF(MOD(DATEDIF($K$5,L$5,"m"),IF($D13="monthly",1,IF($D13="Quarterly",3,6)))=0,-$C13,0) -> -100 | M13: =(M$5<'Accom_Phase Schedule'!$E$58)*IF(MOD(DATEDIF($K$5,M$5,"m"),IF($D13="monthly",1,IF($D13="Quarterly",3,6)))=0,-$C13,0) -> -100 | N13: =(N$5<'Accom_Phase Schedule'!$E$58)*IF(MOD(DATEDIF($K$5,N$5,"m"),IF($D13="monthly",1,IF($D13="Quarterly",3,6)))=0,-$C13,0) -> -100 | O13: =(O$5<'Accom_Phase Schedule'!$E$58)*IF(MOD(DATEDIF($K$5,O$5,"m"),IF($D13="monthly",1,IF($D13="Quarterly",3,6)))=0,-$C13,0) -> -100 | P13: =(P$5<'Accom_Phase Schedule'!$E$58)*IF(MOD(DATEDIF($K$5,P$5,"m"),IF($D13="monthly",1,IF($D13="Quarterly",3,6)))=0,-$C13,0) -> -100 | Q13: =(Q$5<'Accom_Phase Schedule'!$E$58)*IF(MOD(DATEDIF($K$5,Q$5,"m"),IF($D13="monthly",1,IF($D13="Quarterly",3,6)))=0,-$C13,0) -> -100 | R13: =(R$5<'Accom_Phase Schedule'!$E$58)*IF(MOD(DATEDIF($K$5,R$5,"m"),IF($D13="monthly",1,IF($D13="Quarterly",3,6)))=0,-$C13,0) -> -100 | ... BC13: =(BC$5<'Accom_Phase Schedule'!$E$58)*IF(MOD(DATEDIF($K$5,BC$5,"m"),IF($D13="monthly",1,IF($D13="Quarterly",3,6)))=0,-$C13,0) -> 0
B14: Valuations | C14: 3000 | D14: Bi-annual | E14: =-I14 -> 12000 | H14: =B14 -> Valuations | I14: =SUM(K14:BC14) -> -12000 | K14: =(K$5<'Accom_Phase Schedule'!$E$58)*IF(MOD(DATEDIF($K$5,K$5,"m"),IF($D14="monthly",1,IF($D14="Quarterly",3,6)))=0,-$C14,0) -> -3000 | L14: =(L$5<'Accom_Phase Schedule'!$E$58)*IF(MOD(DATEDIF($K$5,L$5,"m"),IF($D14="monthly",1,IF($D14="Quarterly",3,6)))=0,-$C14,0) -> 0 | M14: =(M$5<'Accom_Phase Schedule'!$E$58)*IF(MOD(DATEDIF($K$5,M$5,"m"),IF($D14="monthly",1,IF($D14="Quarterly",3,6)))=0,-$C14,0) -> 0 | N14: =(N$5<'Accom_Phase Schedule'!$E$58)*IF(MOD(DATEDIF($K$5,N$5,"m"),IF($D14="monthly",1,IF($D14="Quarterly",3,6)))=0,-$C14,0) -> 0 | O14: =(O$5<'Accom_Phase Schedule'!$E$58)*IF(MOD(DATEDIF($K$5,O$5,"m"),IF($D14="monthly",1,IF($D14="Quarterly",3,6)))=0,-$C14,0) -> 0 | P14: =(P$5<'Accom_Phase Schedule'!$E$58)*IF(MOD(DATEDIF($K$5,P$5,"m"),IF($D14="monthly",1,IF($D14="Quarterly",3,6)))=0,-$C14,0) -> 0 | Q14: =(Q$5<'Accom_Phase Schedule'!$E$58)*IF(MOD(DATEDIF($K$5,Q$5,"m"),IF($D14="monthly",1,IF($D14="Quarterly",3,6)))=0,-$C14,0) -> -3000 | R14: =(R$5<'Accom_Phase Schedule'!$E$58)*IF(MOD(DATEDIF($K$5,R$5,"m"),IF($D14="monthly",1,IF($D14="Quarterly",3,6)))=0,-$C14,0) -> 0 | ... BC14: =(BC$5<'Accom_Phase Schedule'!$E$58)*IF(MOD(DATEDIF($K$5,BC$5,"m"),IF($D14="monthly",1,IF($D14="Quarterly",3,6)))=0,-$C14,0) -> 0
I15: =SUM(K15:BC15) -> 0
B16: Total Admin Costs | E16: =SUM(E11:E15) -> 28400 | H16: Total Admin Costs | I16: =SUM(I11:I15) -> -28400 | K16: =SUM(K11:K15) -> -5600 | L16: =SUM(L11:L15) -> -100 | M16: =SUM(M11:M15) -> -100 | N16: =SUM(N11:N15) -> -1100 | O16: =SUM(O11:O15) -> -100 | P16: =SUM(P11:P15) -> -100 | Q16: =SUM(Q11:Q15) -> -5600 | R16: =SUM(R11:R15) -> -100 | ... BC16: =SUM(BC11:BC15) -> 0
B18: Property Costs
B20: Cost | C20: Assumption | D20: Frequency | E20: Estimate
B21: Service Charge | C21: 5000 | D21: Quarterly | E21: =-I21 -> 40000 | H21: =B21 -> Service Charge | I21: =SUM(K21:BC21) -> -40000 | K21: =(K$5<'Accom_Phase Schedule'!$E$58)*IF(MOD(DATEDIF($K$5,K$5,"m"),IF($D21="monthly",1,IF($D21="Quarterly",3,6)))=0,-$C21,0) -> -5000 | L21: =(L$5<'Accom_Phase Schedule'!$E$58)*IF(MOD(DATEDIF($K$5,L$5,"m"),IF($D21="monthly",1,IF($D21="Quarterly",3,6)))=0,-$C21,0) -> 0 | M21: =(M$5<'Accom_Phase Schedule'!$E$58)*IF(MOD(DATEDIF($K$5,M$5,"m"),IF($D21="monthly",1,IF($D21="Quarterly",3,6)))=0,-$C21,0) -> 0 | N21: =(N$5<'Accom_Phase Schedule'!$E$58)*IF(MOD(DATEDIF($K$5,N$5,"m"),IF($D21="monthly",1,IF($D21="Quarterly",3,6)))=0,-$C21,0) -> -5000 | O21: =(O$5<'Accom_Phase Schedule'!$E$58)*IF(MOD(DATEDIF($K$5,O$5,"m"),IF($D21="monthly",1,IF($D21="Quarterly",3,6)))=0,-$C21,0) -> 0 | P21: =(P$5<'Accom_Phase Schedule'!$E$58)*IF(MOD(DATEDIF($K$5,P$5,"m"),IF($D21="monthly",1,IF($D21="Quarterly",3,6)))=0,-$C21,0) -> 0 | Q21: =(Q$5<'Accom_Phase Schedule'!$E$58)*IF(MOD(DATEDIF($K$5,Q$5,"m"),IF($D21="monthly",1,IF($D21="Quarterly",3,6)))=0,-$C21,0) -> -5000 | R21: =(R$5<'Accom_Phase Schedule'!$E$58)*IF(MOD(DATEDIF($K$5,R$5,"m"),IF($D21="monthly",1,IF($D21="Quarterly",3,6)))=0,-$C21,0) -> 0 | ... BC21: =(BC$5<'Accom_Phase Schedule'!$E$58)*IF(MOD(DATEDIF($K$5,BC$5,"m"),IF($D21="monthly",1,IF($D21="Quarterly",3,6)))=0,-$C21,0) -> 0
B22: Security | C22: 500 | D22: Monthly | E22: =-I22 -> 12000 | H22: =B22 -> Security | I22: =SUM(K22:BC22) -> -12000 | K22: =(K$5<'Accom_Phase Schedule'!$E$58)*IF(MOD(DATEDIF($K$5,K$5,"m"),IF($D22="monthly",1,IF($D22="Quarterly",3,6)))=0,-$C22,0) -> -500 | L22: =(L$5<'Accom_Phase Schedule'!$E$58)*IF(MOD(DATEDIF($K$5,L$5,"m"),IF($D22="monthly",1,IF($D22="Quarterly",3,6)))=0,-$C22,0) -> -500 | M22: =(M$5<'Accom_Phase Schedule'!$E$58)*IF(MOD(DATEDIF($K$5,M$5,"m"),IF($D22="monthly",1,IF($D22="Quarterly",3,6)))=0,-$C22,0) -> -500 | N22: =(N$5<'Accom_Phase Schedule'!$E$58)*IF(MOD(DATEDIF($K$5,N$5,"m"),IF($D22="monthly",1,IF($D22="Quarterly",3,6)))=0,-$C22,0) -> -500 | O22: =(O$5<'Accom_Phase Schedule'!$E$58)*IF(MOD(DATEDIF($K$5,O$5,"m"),IF($D22="monthly",1,IF($D22="Quarterly",3,6)))=0,-$C22,0) -> -500 | P22: =(P$5<'Accom_Phase Schedule'!$E$58)*IF(MOD(DATEDIF($K$5,P$5,"m"),IF($D22="monthly",1,IF($D22="Quarterly",3,6)))=0,-$C22,0) -> -500 | Q22: =(Q$5<'Accom_Phase Schedule'!$E$58)*IF(MOD(DATEDIF($K$5,Q$5,"m"),IF($D22="monthly",1,IF($D22="Quarterly",3,6)))=0,-$C22,0) -> -500 | R22: =(R$5<'Accom_Phase Schedule'!$E$58)*IF(MOD(DATEDIF($K$5,R$5,"m"),IF($D22="monthly",1,IF($D22="Quarterly",3,6)))=0,-$C22,0) -> -500 | ... BC22: =(BC$5<'Accom_Phase Schedule'!$E$58)*IF(MOD(DATEDIF($K$5,BC$5,"m"),IF($D22="monthly",1,IF($D22="Quarterly",3,6)))=0,-$C22,0) -> 0
B23: Rates | C23: 2500 | D23: Bi-annual | E23: =-I23 -> 10000 | H23: =B23 -> Rates | I23: =SUM(K23:BC23) -> -10000 | K23: =(K$5<'Accom_Phase Schedule'!$E$58)*IF(MOD(DATEDIF($K$5,K$5,"m"),IF($D23="monthly",1,IF($D23="Quarterly",3,6)))=0,-$C23,0) -> -2500 | L23: =(L$5<'Accom_Phase Schedule'!$E$58)*IF(MOD(DATEDIF($K$5,L$5,"m"),IF($D23="monthly",1,IF($D23="Quarterly",3,6)))=0,-$C23,0) -> 0 | M23: =(M$5<'Accom_Phase Schedule'!$E$58)*IF(MOD(DATEDIF($K$5,M$5,"m"),IF($D23="monthly",1,IF($D23="Quarterly",3,6)))=0,-$C23,0) -> 0 | N23: =(N$5<'Accom_Phase Schedule'!$E$58)*IF(MOD(DATEDIF($K$5,N$5,"m"),IF($D23="monthly",1,IF($D23="Quarterly",3,6)))=0,-$C23,0) -> 0 | O23: =(O$5<'Accom_Phase Schedule'!$E$58)*IF(MOD(DATEDIF($K$5,O$5,"m"),IF($D23="monthly",1,IF($D23="Quarterly",3,6)))=0,-$C23,0) -> 0 | P23: =(P$5<'Accom_Phase Schedule'!$E$58)*IF(MOD(DATEDIF($K$5,P$5,"m"),IF($D23="monthly",1,IF($D23="Quarterly",3,6)))=0,-$C23,0) -> 0 | Q23: =(Q$5<'Accom_Phase Schedule'!$E$58)*IF(MOD(DATEDIF($K$5,Q$5,"m"),IF($D23="monthly",1,IF($D23="Quarterly",3,6)))=0,-$C23,0) -> -2500 | R23: =(R$5<'Accom_Phase Schedule'!$E$58)*IF(MOD(DATEDIF($K$5,R$5,"m"),IF($D23="monthly",1,IF($D23="Quarterly",3,6)))=0,-$C23,0) -> 0 | ... BC23: =(BC$5<'Accom_Phase Schedule'!$E$58)*IF(MOD(DATEDIF($K$5,BC$5,"m"),IF($D23="monthly",1,IF($D23="Quarterly",3,6)))=0,-$C23,0) -> 0
B24: Other | C24: 5000 | D24: Quarterly | E24: =-I24 -> 40000 | H24: =B24 -> Other | I24: =SUM(K24:BC24) -> -40000 | K24: =(K$5<'Accom_Phase Schedule'!$E$58)*IF(MOD(DATEDIF($K$5,K$5,"m"),IF($D24="monthly",1,IF($D24="Quarterly",3,6)))=0,-$C24,0) -> -5000 | L24: =(L$5<'Accom_Phase Schedule'!$E$58)*IF(MOD(DATEDIF($K$5,L$5,"m"),IF($D24="monthly",1,IF($D24="Quarterly",3,6)))=0,-$C24,0) -> 0 | M24: =(M$5<'Accom_Phase Schedule'!$E$58)*IF(MOD(DATEDIF($K$5,M$5,"m"),IF($D24="monthly",1,IF($D24="Quarterly",3,6)))=0,-$C24,0) -> 0 | N24: =(N$5<'Accom_Phase Schedule'!$E$58)*IF(MOD(DATEDIF($K$5,N$5,"m"),IF($D24="monthly",1,IF($D24="Quarterly",3,6)))=0,-$C24,0) -> -5000 | O24: =(O$5<'Accom_Phase Schedule'!$E$58)*IF(MOD(DATEDIF($K$5,O$5,"m"),IF($D24="monthly",1,IF($D24="Quarterly",3,6)))=0,-$C24,0) -> 0 | P24: =(P$5<'Accom_Phase Schedule'!$E$58)*IF(MOD(DATEDIF($K$5,P$5,"m"),IF($D24="monthly",1,IF($D24="Quarterly",3,6)))=0,-$C24,0) -> 0 | Q24: =(Q$5<'Accom_Phase Schedule'!$E$58)*IF(MOD(DATEDIF($K$5,Q$5,"m"),IF($D24="monthly",1,IF($D24="Quarterly",3,6)))=0,-$C24,0) -> -5000 | R24: =(R$5<'Accom_Phase Schedule'!$E$58)*IF(MOD(DATEDIF($K$5,R$5,"m"),IF($D24="monthly",1,IF($D24="Quarterly",3,6)))=0,-$C24,0) -> 0 | ... BC24: =(BC$5<'Accom_Phase Schedule'!$E$58)*IF(MOD(DATEDIF($K$5,BC$5,"m"),IF($D24="monthly",1,IF($D24="Quarterly",3,6)))=0,-$C24,0) -> 0
H25: =B25 -> 0 | I25: =SUM(K25:BC25) -> 0 | K25: =(K$5<'Accom_Phase Schedule'!$E$58)*IF(MOD(DATEDIF($K$5,K$5,"m"),IF($D25="monthly",1,IF($D25="Quarterly",3,6)))=0,-$C25,0) -> 0 | L25: =(L$5<'Accom_Phase Schedule'!$E$58)*IF(MOD(DATEDIF($K$5,L$5,"m"),IF($D25="monthly",1,IF($D25="Quarterly",3,6)))=0,-$C25,0) -> 0 | M25: =(M$5<'Accom_Phase Schedule'!$E$58)*IF(MOD(DATEDIF($K$5,M$5,"m"),IF($D25="monthly",1,IF($D25="Quarterly",3,6)))=0,-$C25,0) -> 0 | N25: =(N$5<'Accom_Phase Schedule'!$E$58)*IF(MOD(DATEDIF($K$5,N$5,"m"),IF($D25="monthly",1,IF($D25="Quarterly",3,6)))=0,-$C25,0) -> 0 | O25: =(O$5<'Accom_Phase Schedule'!$E$58)*IF(MOD(DATEDIF($K$5,O$5,"m"),IF($D25="monthly",1,IF($D25="Quarterly",3,6)))=0,-$C25,0) -> 0 | P25: =(P$5<'Accom_Phase Schedule'!$E$58)*IF(MOD(DATEDIF($K$5,P$5,"m"),IF($D25="monthly",1,IF($D25="Quarterly",3,6)))=0,-$C25,0) -> 0 | Q25: =(Q$5<'Accom_Phase Schedule'!$E$58)*IF(MOD(DATEDIF($K$5,Q$5,"m"),IF($D25="monthly",1,IF($D25="Quarterly",3,6)))=0,-$C25,0) -> 0 | R25: =(R$5<'Accom_Phase Schedule'!$E$58)*IF(MOD(DATEDIF($K$5,R$5,"m"),IF($D25="monthly",1,IF($D25="Quarterly",3,6)))=0,-$C25,0) -> 0 | ... BC25: =(BC$5<'Accom_Phase Schedule'!$E$58)*IF(MOD(DATEDIF($K$5,BC$5,"m"),IF($D25="monthly",1,IF($D25="Quarterly",3,6)))=0,-$C25,0) -> 0
B26: Total Property Costs | E26: =SUM(E21:E25) -> 102000 | H26: Total Property Costs | I26: =SUM(I21:I25) -> -102000 | K26: =SUM(K21:K25) -> -13000 | L26: =SUM(L21:L25) -> -500 | M26: =SUM(M21:M25) -> -500 | N26: =SUM(N21:N25) -> -10500 | O26: =SUM(O21:O25) -> -500 | P26: =SUM(P21:P25) -> -500 | Q26: =SUM(Q21:Q25) -> -13000 | R26: =SUM(R21:R25) -> -500 | ... BC26: =SUM(BC21:BC25) -> 0
B28: Detailed Design Costs
B30: Cost | C30: Assumption | D30: Measurement | E30: Estimate
B31: Architecture | C31: 0.01 | D31: of construction | E31: =C31*$E$69 -> 955000 | H31: =B31 -> Architecture | I31: =SUM(K31:BC31) -> -955000 | K31: =(K$5<'Accom_Phase Schedule'!$C$58)*-$E31/DATEDIF($K$5,'Accom_Phase Schedule'!$C$58,"m") -> -191000 | L31: =(L$5<'Accom_Phase Schedule'!$C$58)*-$E31/DATEDIF($K$5,'Accom_Phase Schedule'!$C$58,"m") -> -191000 | M31: =(M$5<'Accom_Phase Schedule'!$C$58)*-$E31/DATEDIF($K$5,'Accom_Phase Schedule'!$C$58,"m") -> -191000 | N31: =(N$5<'Accom_Phase Schedule'!$C$58)*-$E31/DATEDIF($K$5,'Accom_Phase Schedule'!$C$58,"m") -> -191000 | O31: =(O$5<'Accom_Phase Schedule'!$C$58)*-$E31/DATEDIF($K$5,'Accom_Phase Schedule'!$C$58,"m") -> -191000 | P31: =(P$5<'Accom_Phase Schedule'!$C$58)*-$E31/DATEDIF($L$5,'Accom_Phase Schedule'!$C$58,"m") -> 0 | Q31: =(Q$5<'Accom_Phase Schedule'!$C$58)*-$E31/DATEDIF($L$5,'Accom_Phase Schedule'!$C$58,"m") -> 0 | R31: =(R$5<'Accom_Phase Schedule'!$C$58)*-$E31/DATEDIF($L$5,'Accom_Phase Schedule'!$C$58,"m") -> 0 | S31: =(S$5<'Accom_Phase Schedule'!$C$58)*-$E31/DATEDIF($L$5,'Accom_Phase Schedule'!$C$58,"m") -> 0 | T31: =(T$5<'Accom_Phase Schedule'!$C$58)*-$E31/DATEDIF($L$5,'Accom_Phase Schedule'!$C$58,"m") -> 0 | U31: =(U$5<'Accom_Phase Schedule'!$C$58)*-$E31/DATEDIF($L$5,'Accom_Phase Schedule'!$C$58,"m") -> 0 | V31: =(V$5<'Accom_Phase Schedule'!$C$58)*-$E31/DATEDIF($L$5,'Accom_Phase Schedule'!$C$58,"m") -> 0 | W31: =(W$5<'Accom_Phase Schedule'!$C$58)*-$E31/DATEDIF($L$5,'Accom_Phase Schedule'!$C$58,"m") -> 0 | ... BC31: =(BC$5<'Accom_Phase Schedule'!$C$58)*-$E31/DATEDIF($L$5,'Accom_Phase Schedule'!$C$58,"m") -> 0
B32: Façade Design | C32: 5000 | D32: flat fee | E32: =C32 -> 5000 | H32: =B32 -> Façade Design | I32: =SUM(K32:BC32) -> -5000 | K32: =(K$5<'Accom_Phase Schedule'!$C$58)*-$E32/DATEDIF($K$5,'Accom_Phase Schedule'!$C$58,"m") -> -1000 | L32: =(L$5<'Accom_Phase Schedule'!$C$58)*-$E32/DATEDIF($K$5,'Accom_Phase Schedule'!$C$58,"m") -> -1000 | M32: =(M$5<'Accom_Phase Schedule'!$C$58)*-$E32/DATEDIF($K$5,'Accom_Phase Schedule'!$C$58,"m") -> -1000 | N32: =(N$5<'Accom_Phase Schedule'!$C$58)*-$E32/DATEDIF($K$5,'Accom_Phase Schedule'!$C$58,"m") -> -1000 | O32: =(O$5<'Accom_Phase Schedule'!$C$58)*-$E32/DATEDIF($K$5,'Accom_Phase Schedule'!$C$58,"m") -> -1000 | P32: =(P$5<'Accom_Phase Schedule'!$C$58)*-$E32/DATEDIF($L$5,'Accom_Phase Schedule'!$C$58,"m") -> 0 | Q32: =(Q$5<'Accom_Phase Schedule'!$C$58)*-$E32/DATEDIF($L$5,'Accom_Phase Schedule'!$C$58,"m") -> 0 | R32: =(R$5<'Accom_Phase Schedule'!$C$58)*-$E32/DATEDIF($L$5,'Accom_Phase Schedule'!$C$58,"m") -> 0 | S32: =(S$5<'Accom_Phase Schedule'!$C$58)*-$E32/DATEDIF($L$5,'Accom_Phase Schedule'!$C$58,"m") -> 0 | T32: =(T$5<'Accom_Phase Schedule'!$C$58)*-$E32/DATEDIF($L$5,'Accom_Phase Schedule'!$C$58,"m") -> 0 | U32: =(U$5<'Accom_Phase Schedule'!$C$58)*-$E32/DATEDIF($L$5,'Accom_Phase Schedule'!$C$58,"m") -> 0 | V32: =(V$5<'Accom_Phase Schedule'!$C$58)*-$E32/DATEDIF($L$5,'Accom_Phase Schedule'!$C$58,"m") -> 0 | W32: =(W$5<'Accom_Phase Schedule'!$C$58)*-$E32/DATEDIF($L$5,'Accom_Phase Schedule'!$C$58,"m") -> 0 | ... BC32: =(BC$5<'Accom_Phase Schedule'!$C$58)*-$E32/DATEDIF($L$5,'Accom_Phase Schedule'!$C$58,"m") -> 0
B33: Lanscape Design | C33: 10000 | D33: flat fee | E33: =C33 -> 10000 | H33: =B33 -> Lanscape Design | I33: =SUM(K33:BC33) -> -10000 | K33: =(K$5<'Accom_Phase Schedule'!$C$58)*-$E33/DATEDIF($K$5,'Accom_Phase Schedule'!$C$58,"m") -> -2000 | L33: =(L$5<'Accom_Phase Schedule'!$C$58)*-$E33/DATEDIF($K$5,'Accom_Phase Schedule'!$C$58,"m") -> -2000 | M33: =(M$5<'Accom_Phase Schedule'!$C$58)*-$E33/DATEDIF($K$5,'Accom_Phase Schedule'!$C$58,"m") -> -2000 | N33: =(N$5<'Accom_Phase Schedule'!$C$58)*-$E33/DATEDIF($K$5,'Accom_Phase Schedule'!$C$58,"m") -> -2000 | O33: =(O$5<'Accom_Phase Schedule'!$C$58)*-$E33/DATEDIF($K$5,'Accom_Phase Schedule'!$C$58,"m") -> -2000 | P33: =(P$5<'Accom_Phase Schedule'!$C$58)*-$E33/DATEDIF($L$5,'Accom_Phase Schedule'!$C$58,"m") -> 0 | Q33: =(Q$5<'Accom_Phase Schedule'!$C$58)*-$E33/DATEDIF($L$5,'Accom_Phase Schedule'!$C$58,"m") -> 0 | R33: =(R$5<'Accom_Phase Schedule'!$C$58)*-$E33/DATEDIF($L$5,'Accom_Phase Schedule'!$C$58,"m") -> 0 | S33: =(S$5<'Accom_Phase Schedule'!$C$58)*-$E33/DATEDIF($L$5,'Accom_Phase Schedule'!$C$58,"m") -> 0 | T33: =(T$5<'Accom_Phase Schedule'!$C$58)*-$E33/DATEDIF($L$5,'Accom_Phase Schedule'!$C$58,"m") -> 0 | U33: =(U$5<'Accom_Phase Schedule'!$C$58)*-$E33/DATEDIF($L$5,'Accom_Phase Schedule'!$C$58,"m") -> 0 | V33: =(V$5<'Accom_Phase Schedule'!$C$58)*-$E33/DATEDIF($L$5,'Accom_Phase Schedule'!$C$58,"m") -> 0 | W33: =(W$5<'Accom_Phase Schedule'!$C$58)*-$E33/DATEDIF($L$5,'Accom_Phase Schedule'!$C$58,"m") -> 0 | ... BC33: =(BC$5<'Accom_Phase Schedule'!$C$58)*-$E33/DATEDIF($L$5,'Accom_Phase Schedule'!$C$58,"m") -> 0
B34: Structural Engineering | C34: 0.005 | D34: of construction | E34: =C34*$E$69 -> 477500 | H34: =B34 -> Structural Engineering | I34: =SUM(K34:BC34) -> -477500 | K34: =(K$5<'Accom_Phase Schedule'!$C$58)*-$E34/DATEDIF($K$5,'Accom_Phase Schedule'!$C$58,"m") -> -95500 | L34: =(L$5<'Accom_Phase Schedule'!$C$58)*-$E34/DATEDIF($K$5,'Accom_Phase Schedule'!$C$58,"m") -> -95500 | M34: =(M$5<'Accom_Phase Schedule'!$C$58)*-$E34/DATEDIF($K$5,'Accom_Phase Schedule'!$C$58,"m") -> -95500 | N34: =(N$5<'Accom_Phase Schedule'!$C$58)*-$E34/DATEDIF($K$5,'Accom_Phase Schedule'!$C$58,"m") -> -95500 | O34: =(O$5<'Accom_Phase Schedule'!$C$58)*-$E34/DATEDIF($K$5,'Accom_Phase Schedule'!$C$58,"m") -> -95500 | P34: =(P$5<'Accom_Phase Schedule'!$C$58)*-$E34/DATEDIF($L$5,'Accom_Phase Schedule'!$C$58,"m") -> 0 | Q34: =(Q$5<'Accom_Phase Schedule'!$C$58)*-$E34/DATEDIF($L$5,'Accom_Phase Schedule'!$C$58,"m") -> 0 | R34: =(R$5<'Accom_Phase Schedule'!$C$58)*-$E34/DATEDIF($L$5,'Accom_Phase Schedule'!$C$58,"m") -> 0 | S34: =(S$5<'Accom_Phase Schedule'!$C$58)*-$E34/DATEDIF($L$5,'Accom_Phase Schedule'!$C$58,"m") -> 0 | T34: =(T$5<'Accom_Phase Schedule'!$C$58)*-$E34/DATEDIF($L$5,'Accom_Phase Schedule'!$C$58,"m") -> 0 | U34: =(U$5<'Accom_Phase Schedule'!$C$58)*-$E34/DATEDIF($L$5,'Accom_Phase Schedule'!$C$58,"m") -> 0 | V34: =(V$5<'Accom_Phase Schedule'!$C$58)*-$E34/DATEDIF($L$5,'Accom_Phase Schedule'!$C$58,"m") -> 0 | W34: =(W$5<'Accom_Phase Schedule'!$C$58)*-$E34/DATEDIF($L$5,'Accom_Phase Schedule'!$C$58,"m") -> 0 | ... BC34: =(BC$5<'Accom_Phase Schedule'!$C$58)*-$E34/DATEDIF($L$5,'Accom_Phase Schedule'!$C$58,"m") -> 0
B35: M&E Engineering | C35: 0.004 | D35: of construction | E35: =C35*$E$69 -> 382000 | H35: =B35 -> M&E Engineering | I35: =SUM(K35:BC35) -> -382000 | K35: =(K$5<'Accom_Phase Schedule'!$C$58)*-$E35/DATEDIF($K$5,'Accom_Phase Schedule'!$C$58,"m") -> -76400 | L35: =(L$5<'Accom_Phase Schedule'!$C$58)*-$E35/DATEDIF($K$5,'Accom_Phase Schedule'!$C$58,"m") -> -76400 | M35: =(M$5<'Accom_Phase Schedule'!$C$58)*-$E35/DATEDIF($K$5,'Accom_Phase Schedule'!$C$58,"m") -> -76400 | N35: =(N$5<'Accom_Phase Schedule'!$C$58)*-$E35/DATEDIF($K$5,'Accom_Phase Schedule'!$C$58,"m") -> -76400 | O35: =(O$5<'Accom_Phase Schedule'!$C$58)*-$E35/DATEDIF($K$5,'Accom_Phase Schedule'!$C$58,"m") -> -76400 | P35: =(P$5<'Accom_Phase Schedule'!$C$58)*-$E35/DATEDIF($L$5,'Accom_Phase Schedule'!$C$58,"m") -> 0 | Q35: =(Q$5<'Accom_Phase Schedule'!$C$58)*-$E35/DATEDIF($L$5,'Accom_Phase Schedule'!$C$58,"m") -> 0 | R35: =(R$5<'Accom_Phase Schedule'!$C$58)*-$E35/DATEDIF($L$5,'Accom_Phase Schedule'!$C$58,"m") -> 0 | S35: =(S$5<'Accom_Phase Schedule'!$C$58)*-$E35/DATEDIF($L$5,'Accom_Phase Schedule'!$C$58,"m") -> 0 | T35: =(T$5<'Accom_Phase Schedule'!$C$58)*-$E35/DATEDIF($L$5,'Accom_Phase Schedule'!$C$58,"m") -> 0 | U35: =(U$5<'Accom_Phase Schedule'!$C$58)*-$E35/DATEDIF($L$5,'Accom_Phase Schedule'!$C$58,"m") -> 0 | V35: =(V$5<'Accom_Phase Schedule'!$C$58)*-$E35/DATEDIF($L$5,'Accom_Phase Schedule'!$C$58,"m") -> 0 | W35: =(W$5<'Accom_Phase Schedule'!$C$58)*-$E35/DATEDIF($L$5,'Accom_Phase Schedule'!$C$58,"m") -> 0 | ... BC35: =(BC$5<'Accom_Phase Schedule'!$C$58)*-$E35/DATEDIF($L$5,'Accom_Phase Schedule'!$C$58,"m") -> 0
B36: Civil Engineering | C36: 0.003 | D36: of construction | E36: =C36*$E$69 -> 286500 | H36: =B36 -> Civil Engineering | I36: =SUM(K36:BC36) -> -286500 | K36: =(K$5<'Accom_Phase Schedule'!$C$58)*-$E36/DATEDIF($K$5,'Accom_Phase Schedule'!$C$58,"m") -> -57300 | L36: =(L$5<'Accom_Phase Schedule'!$C$58)*-$E36/DATEDIF($K$5,'Accom_Phase Schedule'!$C$58,"m") -> -57300 | M36: =(M$5<'Accom_Phase Schedule'!$C$58)*-$E36/DATEDIF($K$5,'Accom_Phase Schedule'!$C$58,"m") -> -57300 | N36: =(N$5<'Accom_Phase Schedule'!$C$58)*-$E36/DATEDIF($K$5,'Accom_Phase Schedule'!$C$58,"m") -> -57300 | O36: =(O$5<'Accom_Phase Schedule'!$C$58)*-$E36/DATEDIF($K$5,'Accom_Phase Schedule'!$C$58,"m") -> -57300 | P36: =(P$5<'Accom_Phase Schedule'!$C$58)*-$E36/DATEDIF($L$5,'Accom_Phase Schedule'!$C$58,"m") -> 0 | Q36: =(Q$5<'Accom_Phase Schedule'!$C$58)*-$E36/DATEDIF($L$5,'Accom_Phase Schedule'!$C$58,"m") -> 0 | R36: =(R$5<'Accom_Phase Schedule'!$C$58)*-$E36/DATEDIF($L$5,'Accom_Phase Schedule'!$C$58,"m") -> 0 | S36: =(S$5<'Accom_Phase Schedule'!$C$58)*-$E36/DATEDIF($L$5,'Accom_Phase Schedule'!$C$58,"m") -> 0 | T36: =(T$5<'Accom_Phase Schedule'!$C$58)*-$E36/DATEDIF($L$5,'Accom_Phase Schedule'!$C$58,"m") -> 0 | U36: =(U$5<'Accom_Phase Schedule'!$C$58)*-$E36/DATEDIF($L$5,'Accom_Phase Schedule'!$C$58,"m") -> 0 | V36: =(V$5<'Accom_Phase Schedule'!$C$58)*-$E36/DATEDIF($L$5,'Accom_Phase Schedule'!$C$58,"m") -> 0 | W36: =(W$5<'Accom_Phase Schedule'!$C$58)*-$E36/DATEDIF($L$5,'Accom_Phase Schedule'!$C$58,"m") -> 0 | ... BC36: =(BC$5<'Accom_Phase Schedule'!$C$58)*-$E36/DATEDIF($L$5,'Accom_Phase Schedule'!$C$58,"m") -> 0
B37: Quanity Surveyance | C37: 0.0035 | D37: of construction | E37: =C37*$E$69 -> 334250 | H37: =B37 -> Quanity Surveyance | I37: =SUM(K37:BC37) -> -334250 | K37: =(K$5<'Accom_Phase Schedule'!$C$58)*-$E37/DATEDIF($K$5,'Accom_Phase Schedule'!$C$58,"m") -> -66850 | L37: =(L$5<'Accom_Phase Schedule'!$C$58)*-$E37/DATEDIF($K$5,'Accom_Phase Schedule'!$C$58,"m") -> -66850 | M37: =(M$5<'Accom_Phase Schedule'!$C$58)*-$E37/DATEDIF($K$5,'Accom_Phase Schedule'!$C$58,"m") -> -66850 | N37: =(N$5<'Accom_Phase Schedule'!$C$58)*-$E37/DATEDIF($K$5,'Accom_Phase Schedule'!$C$58,"m") -> -66850 | O37: =(O$5<'Accom_Phase Schedule'!$C$58)*-$E37/DATEDIF($K$5,'Accom_Phase Schedule'!$C$58,"m") -> -66850 | P37: =(P$5<'Accom_Phase Schedule'!$C$58)*-$E37/DATEDIF($L$5,'Accom_Phase Schedule'!$C$58,"m") -> 0 | Q37: =(Q$5<'Accom_Phase Schedule'!$C$58)*-$E37/DATEDIF($L$5,'Accom_Phase Schedule'!$C$58,"m") -> 0 | R37: =(R$5<'Accom_Phase Schedule'!$C$58)*-$E37/DATEDIF($L$5,'Accom_Phase Schedule'!$C$58,"m") -> 0 | S37: =(S$5<'Accom_Phase Schedule'!$C$58)*-$E37/DATEDIF($L$5,'Accom_Phase Schedule'!$C$58,"m") -> 0 | T37: =(T$5<'Accom_Phase Schedule'!$C$58)*-$E37/DATEDIF($L$5,'Accom_Phase Schedule'!$C$58,"m") -> 0 | U37: =(U$5<'Accom_Phase Schedule'!$C$58)*-$E37/DATEDIF($L$5,'Accom_Phase Schedule'!$C$58,"m") -> 0 | V37: =(V$5<'Accom_Phase Schedule'!$C$58)*-$E37/DATEDIF($L$5,'Accom_Phase Schedule'!$C$58,"m") -> 0 | W37: =(W$5<'Accom_Phase Schedule'!$C$58)*-$E37/DATEDIF($L$5,'Accom_Phase Schedule'!$C$58,"m") -> 0 | ... BC37: =(BC$5<'Accom_Phase Schedule'!$C$58)*-$E37/DATEDIF($L$5,'Accom_Phase Schedule'!$C$58,"m") -> 0
B38: Fire Cert | C38: 250 | D38: per unit | E38: =C38*'Accom_Phase Schedule'!$C$45 -> 125000 | H38: =B38 -> Fire Cert | I38: =SUM(K38:BC38) -> -125000 | K38: =(K$5<'Accom_Phase Schedule'!$C$58)*-$E38/DATEDIF($K$5,'Accom_Phase Schedule'!$C$58,"m") -> -25000 | L38: =(L$5<'Accom_Phase Schedule'!$C$58)*-$E38/DATEDIF($K$5,'Accom_Phase Schedule'!$C$58,"m") -> -25000 | M38: =(M$5<'Accom_Phase Schedule'!$C$58)*-$E38/DATEDIF($K$5,'Accom_Phase Schedule'!$C$58,"m") -> -25000 | N38: =(N$5<'Accom_Phase Schedule'!$C$58)*-$E38/DATEDIF($K$5,'Accom_Phase Schedule'!$C$58,"m") -> -25000 | O38: =(O$5<'Accom_Phase Schedule'!$C$58)*-$E38/DATEDIF($K$5,'Accom_Phase Schedule'!$C$58,"m") -> -25000 | P38: =(P$5<'Accom_Phase Schedule'!$C$58)*-$E38/DATEDIF($L$5,'Accom_Phase Schedule'!$C$58,"m") -> 0 | Q38: =(Q$5<'Accom_Phase Schedule'!$C$58)*-$E38/DATEDIF($L$5,'Accom_Phase Schedule'!$C$58,"m") -> 0 | R38: =(R$5<'Accom_Phase Schedule'!$C$58)*-$E38/DATEDIF($L$5,'Accom_Phase Schedule'!$C$58,"m") -> 0 | S38: =(S$5<'Accom_Phase Schedule'!$C$58)*-$E38/DATEDIF($L$5,'Accom_Phase Schedule'!$C$58,"m") -> 0 | T38: =(T$5<'Accom_Phase Schedule'!$C$58)*-$E38/DATEDIF($L$5,'Accom_Phase Schedule'!$C$58,"m") -> 0 | U38: =(U$5<'Accom_Phase Schedule'!$C$58)*-$E38/DATEDIF($L$5,'Accom_Phase Schedule'!$C$58,"m") -> 0 | V38: =(V$5<'Accom_Phase Schedule'!$C$58)*-$E38/DATEDIF($L$5,'Accom_Phase Schedule'!$C$58,"m") -> 0 | W38: =(W$5<'Accom_Phase Schedule'!$C$58)*-$E38/DATEDIF($L$5,'Accom_Phase Schedule'!$C$58,"m") -> 0 | ... BC38: =(BC$5<'Accom_Phase Schedule'!$C$58)*-$E38/DATEDIF($L$5,'Accom_Phase Schedule'!$C$58,"m") -> 0
B39: Accoustics | C39: 100 | D39: per unit | E39: =C39*'Accom_Phase Schedule'!$C$45 -> 50000 | H39: =B39 -> Accoustics | I39: =SUM(K39:BC39) -> -50000 | K39: =(K$5<'Accom_Phase Schedule'!$C$58)*-$E39/DATEDIF($K$5,'Accom_Phase Schedule'!$C$58,"m") -> -10000 | L39: =(L$5<'Accom_Phase Schedule'!$C$58)*-$E39/DATEDIF($K$5,'Accom_Phase Schedule'!$C$58,"m") -> -10000 | M39: =(M$5<'Accom_Phase Schedule'!$C$58)*-$E39/DATEDIF($K$5,'Accom_Phase Schedule'!$C$58,"m") -> -10000 | N39: =(N$5<'Accom_Phase Schedule'!$C$58)*-$E39/DATEDIF($K$5,'Accom_Phase Schedule'!$C$58,"m") -> -10000 | O39: =(O$5<'Accom_Phase Schedule'!$C$58)*-$E39/DATEDIF($K$5,'Accom_Phase Schedule'!$C$58,"m") -> -10000 | P39: =(P$5<'Accom_Phase Schedule'!$C$58)*-$E39/DATEDIF($L$5,'Accom_Phase Schedule'!$C$58,"m") -> 0 | Q39: =(Q$5<'Accom_Phase Schedule'!$C$58)*-$E39/DATEDIF($L$5,'Accom_Phase Schedule'!$C$58,"m") -> 0 | R39: =(R$5<'Accom_Phase Schedule'!$C$58)*-$E39/DATEDIF($L$5,'Accom_Phase Schedule'!$C$58,"m") -> 0 | S39: =(S$5<'Accom_Phase Schedule'!$C$58)*-$E39/DATEDIF($L$5,'Accom_Phase Schedule'!$C$58,"m") -> 0 | T39: =(T$5<'Accom_Phase Schedule'!$C$58)*-$E39/DATEDIF($L$5,'Accom_Phase Schedule'!$C$58,"m") -> 0 | U39: =(U$5<'Accom_Phase Schedule'!$C$58)*-$E39/DATEDIF($L$5,'Accom_Phase Schedule'!$C$58,"m") -> 0 | V39: =(V$5<'Accom_Phase Schedule'!$C$58)*-$E39/DATEDIF($L$5,'Accom_Phase Schedule'!$C$58,"m") -> 0 | W39: =(W$5<'Accom_Phase Schedule'!$C$58)*-$E39/DATEDIF($L$5,'Accom_Phase Schedule'!$C$58,"m") -> 0 | ... BC39: =(BC$5<'Accom_Phase Schedule'!$C$58)*-$E39/DATEDIF($L$5,'Accom_Phase Schedule'!$C$58,"m") -> 0
B40: Assigned Certifier | C40: 100 | D40: per unit | E40: =C40*'Accom_Phase Schedule'!$C$45 -> 50000 | H40: =B40 -> Assigned Certifier | I40: =SUM(K40:BC40) -> -50000 | K40: =(K$5<'Accom_Phase Schedule'!$C$58)*-$E40/DATEDIF($K$5,'Accom_Phase Schedule'!$C$58,"m") -> -10000 | L40: =(L$5<'Accom_Phase Schedule'!$C$58)*-$E40/DATEDIF($K$5,'Accom_Phase Schedule'!$C$58,"m") -> -10000 | M40: =(M$5<'Accom_Phase Schedule'!$C$58)*-$E40/DATEDIF($K$5,'Accom_Phase Schedule'!$C$58,"m") -> -10000 | N40: =(N$5<'Accom_Phase Schedule'!$C$58)*-$E40/DATEDIF($K$5,'Accom_Phase Schedule'!$C$58,"m") -> -10000 | O40: =(O$5<'Accom_Phase Schedule'!$C$58)*-$E40/DATEDIF($K$5,'Accom_Phase Schedule'!$C$58,"m") -> -10000 | P40: =(P$5<'Accom_Phase Schedule'!$C$58)*-$E40/DATEDIF($L$5,'Accom_Phase Schedule'!$C$58,"m") -> 0 | Q40: =(Q$5<'Accom_Phase Schedule'!$C$58)*-$E40/DATEDIF($L$5,'Accom_Phase Schedule'!$C$58,"m") -> 0 | R40: =(R$5<'Accom_Phase Schedule'!$C$58)*-$E40/DATEDIF($L$5,'Accom_Phase Schedule'!$C$58,"m") -> 0 | S40: =(S$5<'Accom_Phase Schedule'!$C$58)*-$E40/DATEDIF($L$5,'Accom_Phase Schedule'!$C$58,"m") -> 0 | T40: =(T$5<'Accom_Phase Schedule'!$C$58)*-$E40/DATEDIF($L$5,'Accom_Phase Schedule'!$C$58,"m") -> 0 | U40: =(U$5<'Accom_Phase Schedule'!$C$58)*-$E40/DATEDIF($L$5,'Accom_Phase Schedule'!$C$58,"m") -> 0 | V40: =(V$5<'Accom_Phase Schedule'!$C$58)*-$E40/DATEDIF($L$5,'Accom_Phase Schedule'!$C$58,"m") -> 0 | W40: =(W$5<'Accom_Phase Schedule'!$C$58)*-$E40/DATEDIF($L$5,'Accom_Phase Schedule'!$C$58,"m") -> 0 | ... BC40: =(BC$5<'Accom_Phase Schedule'!$C$58)*-$E40/DATEDIF($L$5,'Accom_Phase Schedule'!$C$58,"m") -> 0
B41: Project Management | C41: 0.01 | D41: of construction | E41: =C41*$E$69 -> 955000 | H41: =B41 -> Project Management | I41: =SUM(K41:BC41) -> -955000 | K41: =(K$5<'Accom_Phase Schedule'!$C$58)*-$E41/DATEDIF($K$5,'Accom_Phase Schedule'!$C$58,"m") -> -191000 | L41: =(L$5<'Accom_Phase Schedule'!$C$58)*-$E41/DATEDIF($K$5,'Accom_Phase Schedule'!$C$58,"m") -> -191000 | M41: =(M$5<'Accom_Phase Schedule'!$C$58)*-$E41/DATEDIF($K$5,'Accom_Phase Schedule'!$C$58,"m") -> -191000 | N41: =(N$5<'Accom_Phase Schedule'!$C$58)*-$E41/DATEDIF($K$5,'Accom_Phase Schedule'!$C$58,"m") -> -191000 | O41: =(O$5<'Accom_Phase Schedule'!$C$58)*-$E41/DATEDIF($K$5,'Accom_Phase Schedule'!$C$58,"m") -> -191000 | P41: =(P$5<'Accom_Phase Schedule'!$C$58)*-$E41/DATEDIF($L$5,'Accom_Phase Schedule'!$C$58,"m") -> 0 | Q41: =(Q$5<'Accom_Phase Schedule'!$C$58)*-$E41/DATEDIF($L$5,'Accom_Phase Schedule'!$C$58,"m") -> 0 | R41: =(R$5<'Accom_Phase Schedule'!$C$58)*-$E41/DATEDIF($L$5,'Accom_Phase Schedule'!$C$58,"m") -> 0 | S41: =(S$5<'Accom_Phase Schedule'!$C$58)*-$E41/DATEDIF($L$5,'Accom_Phase Schedule'!$C$58,"m") -> 0 | T41: =(T$5<'Accom_Phase Schedule'!$C$58)*-$E41/DATEDIF($L$5,'Accom_Phase Schedule'!$C$58,"m") -> 0 | U41: =(U$5<'Accom_Phase Schedule'!$C$58)*-$E41/DATEDIF($L$5,'Accom_Phase Schedule'!$C$58,"m") -> 0 | V41: =(V$5<'Accom_Phase Schedule'!$C$58)*-$E41/DATEDIF($L$5,'Accom_Phase Schedule'!$C$58,"m") -> 0 | W41: =(W$5<'Accom_Phase Schedule'!$C$58)*-$E41/DATEDIF($L$5,'Accom_Phase Schedule'!$C$58,"m") -> 0 | ... BC41: =(BC$5<'Accom_Phase Schedule'!$C$58)*-$E41/DATEDIF($L$5,'Accom_Phase Schedule'!$C$58,"m") -> 0
B42: Part V Negotiations | C42: 200 | D42: per PV unit | E42: =C42*'Accom_Phase Schedule'!K35 -> 10000 | H42: =B42 -> Part V Negotiations | I42: =SUM(K42:BC42) -> -10000 | K42: =(K$5<'Accom_Phase Schedule'!$C$58)*-$E42/DATEDIF($K$5,'Accom_Phase Schedule'!$C$58,"m") -> -2000 | L42: =(L$5<'Accom_Phase Schedule'!$C$58)*-$E42/DATEDIF($K$5,'Accom_Phase Schedule'!$C$58,"m") -> -2000 | M42: =(M$5<'Accom_Phase Schedule'!$C$58)*-$E42/DATEDIF($K$5,'Accom_Phase Schedule'!$C$58,"m") -> -2000 | N42: =(N$5<'Accom_Phase Schedule'!$C$58)*-$E42/DATEDIF($K$5,'Accom_Phase Schedule'!$C$58,"m") -> -2000 | O42: =(O$5<'Accom_Phase Schedule'!$C$58)*-$E42/DATEDIF($K$5,'Accom_Phase Schedule'!$C$58,"m") -> -2000 | P42: =(P$5<'Accom_Phase Schedule'!$C$58)*-$E42/DATEDIF($L$5,'Accom_Phase Schedule'!$C$58,"m") -> 0 | Q42: =(Q$5<'Accom_Phase Schedule'!$C$58)*-$E42/DATEDIF($L$5,'Accom_Phase Schedule'!$C$58,"m") -> 0 | R42: =(R$5<'Accom_Phase Schedule'!$C$58)*-$E42/DATEDIF($L$5,'Accom_Phase Schedule'!$C$58,"m") -> 0 | S42: =(S$5<'Accom_Phase Schedule'!$C$58)*-$E42/DATEDIF($L$5,'Accom_Phase Schedule'!$C$58,"m") -> 0 | T42: =(T$5<'Accom_Phase Schedule'!$C$58)*-$E42/DATEDIF($L$5,'Accom_Phase Schedule'!$C$58,"m") -> 0 | U42: =(U$5<'Accom_Phase Schedule'!$C$58)*-$E42/DATEDIF($L$5,'Accom_Phase Schedule'!$C$58,"m") -> 0 | V42: =(V$5<'Accom_Phase Schedule'!$C$58)*-$E42/DATEDIF($L$5,'Accom_Phase Schedule'!$C$58,"m") -> 0 | W42: =(W$5<'Accom_Phase Schedule'!$C$58)*-$E42/DATEDIF($L$5,'Accom_Phase Schedule'!$C$58,"m") -> 0 | ... BC42: =(BC$5<'Accom_Phase Schedule'!$C$58)*-$E42/DATEDIF($L$5,'Accom_Phase Schedule'!$C$58,"m") -> 0
B44: Total Detailed Design Costs | E44: =SUM(E31:E43) -> 3640250 | H44: Total Detail Design Costs | I44: =SUM(I31:I43) -> -3640250 | K44: =SUM(K31:K43) -> -728050 | L44: =SUM(L31:L43) -> -728050 | M44: =SUM(M31:M43) -> -728050 | N44: =SUM(N31:N43) -> -728050 | O44: =SUM(O31:O43) -> -728050 | P44: =SUM(P31:P43) -> 0 | Q44: =SUM(Q31:Q43) -> 0 | R44: =SUM(R31:R43) -> 0 | ... BC44: =SUM(BC31:BC43) -> 0
B46: Statutory Payments
B48: Cost | C48: Assumption | D48: Measurement | E48: Estimate
B49: Contributions towards infrastructure | C49: 15 | D49: psf of Dev | E49: =C49*'Accom_Phase Schedule'!F45 -> 6450000 | H49: =B49 -> Contributions towards infrastructure | I49: =SUM(K49:BC49) -> -6450000 | K49: =SUMIF('Accom_Phase Schedule'!$C$53:$C$57,K$5,'Accom_Phase Schedule'!$K$53:$K$57)*-$C$49 -> 0 | L49: =SUMIF('Accom_Phase Schedule'!$C$53:$C$57,L$5,'Accom_Phase Schedule'!$K$53:$K$57)*-$C$49 -> 0 | M49: =SUMIF('Accom_Phase Schedule'!$C$53:$C$57,M$5,'Accom_Phase Schedule'!$K$53:$K$57)*-$C$49 -> 0 | N49: =SUMIF('Accom_Phase Schedule'!$C$53:$C$57,N$5,'Accom_Phase Schedule'!$K$53:$K$57)*-$C$49 -> 0 | O49: =SUMIF('Accom_Phase Schedule'!$C$53:$C$57,O$5,'Accom_Phase Schedule'!$K$53:$K$57)*-$C$49 -> 0 | P49: =SUMIF('Accom_Phase Schedule'!$C$53:$C$57,P$5,'Accom_Phase Schedule'!$K$53:$K$57)*-$C$49 -> -5250000 | Q49: =SUMIF('Accom_Phase Schedule'!$C$53:$C$57,Q$5,'Accom_Phase Schedule'!$K$53:$K$57)*-$C$49 -> 0 | R49: =SUMIF('Accom_Phase Schedule'!$C$53:$C$57,R$5,'Accom_Phase Schedule'!$K$53:$K$57)*-$C$49 -> 0 | ... BC49: =SUMIF('Accom_Phase Schedule'!$C$53:$C$57,BC$5,'Accom_Phase Schedule'!$K$53:$K$57)*-$C$49 -> 0
B50: Contribution towards Public Open Space | C50: 250000 | D50: flat fee | E50: =C50 -> 250000 | H50: =B50 -> Contribution towards Public Open Space | I50: =SUM(K50:BC50) -> -250000 | K50: =SUMIF('Accom_Phase Schedule'!$C$53:$C$57,K$5,'Accom_Phase Schedule'!$H$53:$H$57)*-$C50 -> 0 | L50: =SUMIF('Accom_Phase Schedule'!$C$53:$C$57,L$5,'Accom_Phase Schedule'!$H$53:$H$57)*-$C50 -> 0 | M50: =SUMIF('Accom_Phase Schedule'!$C$53:$C$57,M$5,'Accom_Phase Schedule'!$H$53:$H$57)*-$C50 -> 0 | N50: =SUMIF('Accom_Phase Schedule'!$C$53:$C$57,N$5,'Accom_Phase Schedule'!$H$53:$H$57)*-$C50 -> 0 | O50: =SUMIF('Accom_Phase Schedule'!$C$53:$C$57,O$5,'Accom_Phase Schedule'!$H$53:$H$57)*-$C50 -> 0 | P50: =SUMIF('Accom_Phase Schedule'!$C$53:$C$57,P$5,'Accom_Phase Schedule'!$H$53:$H$57)*-$C50 -> -203234.5 | Q50: =SUMIF('Accom_Phase Schedule'!$C$53:$C$57,Q$5,'Accom_Phase Schedule'!$H$53:$H$57)*-$C50 -> 0 | R50: =SUMIF('Accom_Phase Schedule'!$C$53:$C$57,R$5,'Accom_Phase Schedule'!$H$53:$H$57)*-$C50 -> 0 | ... BC50: =SUMIF('Accom_Phase Schedule'!$C$53:$C$57,BC$5,'Accom_Phase Schedule'!$H$53:$H$57)*-$C50 -> 0
B51: Additional Contributions | C51: 100000 | D51: flat fee | E51: =C51 -> 100000 | H51: =B51 -> Additional Contributions | I51: =SUM(K51:BC51) -> -100000 | K51: =SUMIF('Accom_Phase Schedule'!$C$53:$C$57,K$5,'Accom_Phase Schedule'!$H$53:$H$57)*-$C51 -> 0 | L51: =SUMIF('Accom_Phase Schedule'!$C$53:$C$57,L$5,'Accom_Phase Schedule'!$H$53:$H$57)*-$C51 -> 0 | M51: =SUMIF('Accom_Phase Schedule'!$C$53:$C$57,M$5,'Accom_Phase Schedule'!$H$53:$H$57)*-$C51 -> 0 | N51: =SUMIF('Accom_Phase Schedule'!$C$53:$C$57,N$5,'Accom_Phase Schedule'!$H$53:$H$57)*-$C51 -> 0 | O51: =SUMIF('Accom_Phase Schedule'!$C$53:$C$57,O$5,'Accom_Phase Schedule'!$H$53:$H$57)*-$C51 -> 0 | P51: =SUMIF('Accom_Phase Schedule'!$C$53:$C$57,P$5,'Accom_Phase Schedule'!$H$53:$H$57)*-$C51 -> -81293.801 | Q51: =SUMIF('Accom_Phase Schedule'!$C$53:$C$57,Q$5,'Accom_Phase Schedule'!$H$53:$H$57)*-$C51 -> 0 | R51: =SUMIF('Accom_Phase Schedule'!$C$53:$C$57,R$5,'Accom_Phase Schedule'!$H$53:$H$57)*-$C51 -> 0 | ... BC51: =SUMIF('Accom_Phase Schedule'!$C$53:$C$57,BC$5,'Accom_Phase Schedule'!$H$53:$H$57)*-$C51 -> 0
B52: Water Connection | C52: 4500 | D52: per unit | E52: =C52*'Accom_Phase Schedule'!$C$45 -> 2250000 | H52: =B52 -> Water Connection | I52: =SUM(K52:BC52) -> -2250000 | K52: =SUMIF('Accom_Phase Schedule'!$E$53:$E$57,EDATE(K$5,1),'Accom_Phase Schedule'!$G$53:$G$57)*-$C52 -> 0 | L52: =SUMIF('Accom_Phase Schedule'!$E$53:$E$57,EDATE(L$5,1),'Accom_Phase Schedule'!$G$53:$G$57)*-$C52 -> 0 | M52: =SUMIF('Accom_Phase Schedule'!$E$53:$E$57,EDATE(M$5,1),'Accom_Phase Schedule'!$G$53:$G$57)*-$C52 -> 0 | N52: =SUMIF('Accom_Phase Schedule'!$E$53:$E$57,EDATE(N$5,1),'Accom_Phase Schedule'!$G$53:$G$57)*-$C52 -> 0 | O52: =SUMIF('Accom_Phase Schedule'!$E$53:$E$57,EDATE(O$5,1),'Accom_Phase Schedule'!$G$53:$G$57)*-$C52 -> 0 | P52: =SUMIF('Accom_Phase Schedule'!$E$53:$E$57,EDATE(P$5,1),'Accom_Phase Schedule'!$G$53:$G$57)*-$C52 -> 0 | Q52: =SUMIF('Accom_Phase Schedule'!$E$53:$E$57,EDATE(Q$5,1),'Accom_Phase Schedule'!$G$53:$G$57)*-$C52 -> 0 | R52: =SUMIF('Accom_Phase Schedule'!$E$53:$E$57,EDATE(R$5,1),'Accom_Phase Schedule'!$G$53:$G$57)*-$C52 -> 0 | ... BC52: =SUMIF('Accom_Phase Schedule'!$E$53:$E$57,EDATE(BC$5,1),'Accom_Phase Schedule'!$G$53:$G$57)*-$C52 -> 0
B53: Electricity Connection | C53: 200 | D53: per unit | E53: =C53*'Accom_Phase Schedule'!$C$45 -> 100000 | H53: =B53 -> Electricity Connection | I53: =SUM(K53:BC53) -> -100000 | K53: =SUMIF('Accom_Phase Schedule'!$E$53:$E$57,EDATE(K$5,1),'Accom_Phase Schedule'!$G$53:$G$57)*-$C53 -> 0 | L53: =SUMIF('Accom_Phase Schedule'!$E$53:$E$57,EDATE(L$5,1),'Accom_Phase Schedule'!$G$53:$G$57)*-$C53 -> 0 | M53: =SUMIF('Accom_Phase Schedule'!$E$53:$E$57,EDATE(M$5,1),'Accom_Phase Schedule'!$G$53:$G$57)*-$C53 -> 0 | N53: =SUMIF('Accom_Phase Schedule'!$E$53:$E$57,EDATE(N$5,1),'Accom_Phase Schedule'!$G$53:$G$57)*-$C53 -> 0 | O53: =SUMIF('Accom_Phase Schedule'!$E$53:$E$57,EDATE(O$5,1),'Accom_Phase Schedule'!$G$53:$G$57)*-$C53 -> 0 | P53: =SUMIF('Accom_Phase Schedule'!$E$53:$E$57,EDATE(P$5,1),'Accom_Phase Schedule'!$G$53:$G$57)*-$C53 -> 0 | Q53: =SUMIF('Accom_Phase Schedule'!$E$53:$E$57,EDATE(Q$5,1),'Accom_Phase Schedule'!$G$53:$G$57)*-$C53 -> 0 | R53: =SUMIF('Accom_Phase Schedule'!$E$53:$E$57,EDATE(R$5,1),'Accom_Phase Schedule'!$G$53:$G$57)*-$C53 -> 0 | ... BC53: =SUMIF('Accom_Phase Schedule'!$E$53:$E$57,EDATE(BC$5,1),'Accom_Phase Schedule'!$G$53:$G$57)*-$C53 -> 0
B54: Gas Connection | C54: 150 | D54: per unit | E54: =C54*'Accom_Phase Schedule'!$C$45 -> 75000 | H54: =B54 -> Gas Connection | I54: =SUM(K54:BC54) -> -75000 | K54: =SUMIF('Accom_Phase Schedule'!$E$53:$E$57,EDATE(K$5,1),'Accom_Phase Schedule'!$G$53:$G$57)*-$C54 -> 0 | L54: =SUMIF('Accom_Phase Schedule'!$E$53:$E$57,EDATE(L$5,1),'Accom_Phase Schedule'!$G$53:$G$57)*-$C54 -> 0 | M54: =SUMIF('Accom_Phase Schedule'!$E$53:$E$57,EDATE(M$5,1),'Accom_Phase Schedule'!$G$53:$G$57)*-$C54 -> 0 | N54: =SUMIF('Accom_Phase Schedule'!$E$53:$E$57,EDATE(N$5,1),'Accom_Phase Schedule'!$G$53:$G$57)*-$C54 -> 0 | O54: =SUMIF('Accom_Phase Schedule'!$E$53:$E$57,EDATE(O$5,1),'Accom_Phase Schedule'!$G$53:$G$57)*-$C54 -> 0 | P54: =SUMIF('Accom_Phase Schedule'!$E$53:$E$57,EDATE(P$5,1),'Accom_Phase Schedule'!$G$53:$G$57)*-$C54 -> 0 | Q54: =SUMIF('Accom_Phase Schedule'!$E$53:$E$57,EDATE(Q$5,1),'Accom_Phase Schedule'!$G$53:$G$57)*-$C54 -> 0 | R54: =SUMIF('Accom_Phase Schedule'!$E$53:$E$57,EDATE(R$5,1),'Accom_Phase Schedule'!$G$53:$G$57)*-$C54 -> 0 | ... BC54: =SUMIF('Accom_Phase Schedule'!$E$53:$E$57,EDATE(BC$5,1),'Accom_Phase Schedule'!$G$53:$G$57)*-$C54 -> 0
B55: Homebond | C55: 1000 | D55: per unit | E55: =C55*'Accom_Phase Schedule'!$C$45 -> 500000 | H55: =B55 -> Homebond | I55: =SUM(K55:BC55) -> -500000 | K55: =SUMIF('Accom_Phase Schedule'!$E$53:$E$57,EDATE(K$5,1),'Accom_Phase Schedule'!$G$53:$G$57)*-$C55 -> 0 | L55: =SUMIF('Accom_Phase Schedule'!$E$53:$E$57,EDATE(L$5,1),'Accom_Phase Schedule'!$G$53:$G$57)*-$C55 -> 0 | M55: =SUMIF('Accom_Phase Schedule'!$E$53:$E$57,EDATE(M$5,1),'Accom_Phase Schedule'!$G$53:$G$57)*-$C55 -> 0 | N55: =SUMIF('Accom_Phase Schedule'!$E$53:$E$57,EDATE(N$5,1),'Accom_Phase Schedule'!$G$53:$G$57)*-$C55 -> 0 | O55: =SUMIF('Accom_Phase Schedule'!$E$53:$E$57,EDATE(O$5,1),'Accom_Phase Schedule'!$G$53:$G$57)*-$C55 -> 0 | P55: =SUMIF('Accom_Phase Schedule'!$E$53:$E$57,EDATE(P$5,1),'Accom_Phase Schedule'!$G$53:$G$57)*-$C55 -> 0 | Q55: =SUMIF('Accom_Phase Schedule'!$E$53:$E$57,EDATE(Q$5,1),'Accom_Phase Schedule'!$G$53:$G$57)*-$C55 -> 0 | R55: =SUMIF('Accom_Phase Schedule'!$E$53:$E$57,EDATE(R$5,1),'Accom_Phase Schedule'!$G$53:$G$57)*-$C55 -> 0 | ... BC55: =SUMIF('Accom_Phase Schedule'!$E$53:$E$57,EDATE(BC$5,1),'Accom_Phase Schedule'!$G$53:$G$57)*-$C55 -> 0
H56: =B56 -> 0 | I56: =SUM(K56:BC56) -> 0
B57: Total Statutory Payments | E57: =SUM(E49:E56) -> 9725000 | H57: Total Statutory Payments | I57: =SUM(I49:I56) -> -9725000 | K57: =SUM(K49:K56) -> 0 | L57: =SUM(L49:L56) -> 0 | M57: =SUM(M49:M56) -> 0 | N57: =SUM(N49:N56) -> 0 | O57: =SUM(O49:O56) -> 0 | P57: =SUM(P49:P56) -> -5534528.3 | Q57: =SUM(Q49:Q56) -> 0 | R57: =SUM(R49:R56) -> 0 | ... BC57: =SUM(BC49:BC56) -> 0
B59: Construction and Infrastructure Costs
B61: Cost | C61: Assumption | D61: Measurement | E61: Estimate
B62: Apartment Build | C62: 200 | D62: psf of GIA | E62: =C62*'Accom_Phase Schedule'!F45 -> 86000000 | H62: =B62 -> Apartment Build | I62: =SUM(K62:BC62) -> -86000000 | K62: =$E62*-K$116 -> 0 | L62: =$E62*-L$116 -> 0 | M62: =$E62*-M$116 -> 0 | N62: =$E62*-N$116 -> 0 | O62: =$E62*-O$116 -> 0 | P62: =$E62*-P$116 -> -260365.38 | Q62: =$E62*-Q$116 -> -771001.37 | R62: =$E62*-R$116 -> -1905079.3 | ... BC62: =$E62*-BC$116 -> 0
B63: Enabling Works | C63: 250000 | D63: flat cost | E63: =C63 -> 250000 | H63: =B63 -> Enabling Works | I63: =SUM(K63:BC63) -> -250000 | K63: =$E63*-K$116 -> 0 | L63: =$E63*-L$116 -> 0 | M63: =$E63*-M$116 -> 0 | N63: =$E63*-N$116 -> 0 | O63: =$E63*-O$116 -> 0 | P63: =$E63*-P$116 -> -756.87611 | Q63: =$E63*-Q$116 -> -2241.2831 | R63: =$E63*-R$116 -> -5538.0213 | ... BC63: =$E63*-BC$116 -> 0
B64: Site Works | C64: 1500000 | D64: flat cost | E64: =C64 -> 1500000 | H64: =B64 -> Site Works | I64: =SUM(K64:BC64) -> -1500000 | K64: =$E64*-K$116 -> 0 | L64: =$E64*-L$116 -> 0 | M64: =$E64*-M$116 -> 0 | N64: =$E64*-N$116 -> 0 | O64: =$E64*-O$116 -> 0 | P64: =$E64*-P$116 -> -4541.2567 | Q64: =$E64*-Q$116 -> -13447.698 | R64: =$E64*-R$116 -> -33228.128 | ... BC64: =$E64*-BC$116 -> 0
B65: Parking / Substructure | C65: 6000 | D65: per space | E65: =C65*'Accom_Phase Schedule'!I45 -> 3000000 | H65: =B65 -> Parking / Substructure | I65: =SUM(K65:BC65) -> -3000000 | K65: =$E65*-K$116 -> 0 | L65: =$E65*-L$116 -> 0 | M65: =$E65*-M$116 -> 0 | N65: =$E65*-N$116 -> 0 | O65: =$E65*-O$116 -> 0 | P65: =$E65*-P$116 -> -9082.5133 | Q65: =$E65*-Q$116 -> -26895.397 | R65: =$E65*-R$116 -> -66456.255 | ... BC65: =$E65*-BC$116 -> 0
B66: Infrastructure | C66: 1000000 | D66: flat cost | E66: =C66 -> 1000000 | H66: =B66 -> Infrastructure | I66: =SUM(K66:BC66) -> -1000000 | K66: =$E66*-K$116 -> 0 | L66: =$E66*-L$116 -> 0 | M66: =$E66*-M$116 -> 0 | N66: =$E66*-N$116 -> 0 | O66: =$E66*-O$116 -> 0 | P66: =$E66*-P$116 -> -3027.5044 | Q66: =$E66*-Q$116 -> -8965.1322 | R66: =$E66*-R$116 -> -22152.085 | ... BC66: =$E66*-BC$116 -> 0
B67: Fit out Cost | C67: 7500 | D67: per unit | E67: =C67*'Accom_Phase Schedule'!D45 -> 3750000 | H67: =B67 -> Fit out Cost | I67: =SUM(K67:BC67) -> -3750000 | K67: {=SUMPRODUCT((K$5>='Accom_Phase Schedule'!$I$53:$I$57)*(K$5<'Accom_Phase Schedule'!$E$53:$E$57),-$C67*'Accom_Phase Schedule'!$J$53:$J$57/'Accom_Phase Schedule'!$I$52)} -> 0 | L67: {=SUMPRODUCT((L$5>='Accom_Phase Schedule'!$I$53:$I$57)*(L$5<'Accom_Phase Schedule'!$E$53:$E$57),-$C67*'Accom_Phase Schedule'!$J$53:$J$57/'Accom_Phase Schedule'!$I$52)} -> 0 | M67: {=SUMPRODUCT((M$5>='Accom_Phase Schedule'!$I$53:$I$57)*(M$5<'Accom_Phase Schedule'!$E$53:$E$57),-$C67*'Accom_Phase Schedule'!$J$53:$J$57/'Accom_Phase Schedule'!$I$52)} -> 0 | N67: {=SUMPRODUCT((N$5>='Accom_Phase Schedule'!$I$53:$I$57)*(N$5<'Accom_Phase Schedule'!$E$53:$E$57),-$C67*'Accom_Phase Schedule'!$J$53:$J$57/'Accom_Phase Schedule'!$I$52)} -> 0 | O67: {=SUMPRODUCT((O$5>='Accom_Phase Schedule'!$I$53:$I$57)*(O$5<'Accom_Phase Schedule'!$E$53:$E$57),-$C67*'Accom_Phase Schedule'!$J$53:$J$57/'Accom_Phase Schedule'!$I$52)} -> 0 | P67: {=SUMPRODUCT((P$5>='Accom_Phase Schedule'!$I$53:$I$57)*(P$5<'Accom_Phase Schedule'!$E$53:$E$57),-$C67*'Accom_Phase Schedule'!$J$53:$J$57/'Accom_Phase Schedule'!$I$52)} -> 0 | Q67: {=SUMPRODUCT((Q$5>='Accom_Phase Schedule'!$I$53:$I$57)*(Q$5<'Accom_Phase Schedule'!$E$53:$E$57),-$C67*'Accom_Phase Schedule'!$J$53:$J$57/'Accom_Phase Schedule'!$I$52)} -> 0 | R67: {=SUMPRODUCT((R$5>='Accom_Phase Schedule'!$I$53:$I$57)*(R$5<'Accom_Phase Schedule'!$E$53:$E$57),-$C67*'Accom_Phase Schedule'!$J$53:$J$57/'Accom_Phase Schedule'!$I$52)} -> 0 | ... BC67: {=SUMPRODUCT((BC$5>='Accom_Phase Schedule'!$I$53:$I$57)*(BC$5<'Accom_Phase Schedule'!$E$53:$E$57),-$C67*'Accom_Phase Schedule'!$J$53:$J$57/'Accom_Phase Schedule'!$I$52)} -> 0
B69: Total C&I Costs | E69: =SUM(E62:E67) -> 95500000 | H69: Total Construction and Infrastructure Costs | I69: =SUM(I62:I68) -> -95500000 | K69: =SUM(K62:K68) -> 0 | L69: =SUM(L62:L68) -> 0 | M69: =SUM(M62:M68) -> 0 | N69: =SUM(N62:N68) -> 0 | O69: =SUM(O62:O68) -> 0 | P69: =SUM(P62:P68) -> -277773.53 | Q69: =SUM(Q62:Q68) -> -822550.88 | R69: =SUM(R62:R68) -> -2032453.8 | ... BC69: =SUM(BC62:BC68) -> 0
B71: Post Contract Fees
B73: Cost | C73: Assumption | D73: Measurement | E73: Estimate
B74: Architecture | C74: 0.01 | D74: of construction | E74: =C74*$E$69 -> 955000 | H74: =B74 -> Architecture | I74: =SUM(K74:BC74) -> -955000 | K74: =$E74*-K$116 -> 0 | L74: =$E74*-L$116 -> 0 | M74: =$E74*-M$116 -> 0 | N74: =$E74*-N$116 -> 0 | O74: =$E74*-O$116 -> 0 | P74: =$E74*-P$116 -> -2891.2667 | Q74: =$E74*-Q$116 -> -8561.7013 | R74: =$E74*-R$116 -> -21155.241 | ... BC74: =$E74*-BC$116 -> 0
B75: Façade Design | C75: 30000 | D75: flat fee | E75: =C75 -> 30000 | H75: =B75 -> Façade Design | I75: =SUM(K75:BC75) -> -30000 | K75: =$E75*-K$116 -> 0 | L75: =$E75*-L$116 -> 0 | M75: =$E75*-M$116 -> 0 | N75: =$E75*-N$116 -> 0 | O75: =$E75*-O$116 -> 0 | P75: =$E75*-P$116 -> -90.825133 | Q75: =$E75*-Q$116 -> -268.95397 | R75: =$E75*-R$116 -> -664.56255 | ... BC75: =$E75*-BC$116 -> 0
B76: Lanscape Design | C76: 60000 | D76: flat fee | E76: =C76 -> 60000 | H76: =B76 -> Lanscape Design | I76: =SUM(K76:BC76) -> -60000 | K76: =$E76*-K$116 -> 0 | L76: =$E76*-L$116 -> 0 | M76: =$E76*-M$116 -> 0 | N76: =$E76*-N$116 -> 0 | O76: =$E76*-O$116 -> 0 | P76: =$E76*-P$116 -> -181.65027 | Q76: =$E76*-Q$116 -> -537.90793 | R76: =$E76*-R$116 -> -1329.1251 | ... BC76: =$E76*-BC$116 -> 0
B77: Structural Engineering | C77: 0.005 | D77: of construction | E77: =C77*$E$69 -> 477500 | H77: =B77 -> Structural Engineering | I77: =SUM(K77:BC77) -> -477500 | K77: =$E77*-K$116 -> 0 | L77: =$E77*-L$116 -> 0 | M77: =$E77*-M$116 -> 0 | N77: =$E77*-N$116 -> 0 | O77: =$E77*-O$116 -> 0 | P77: =$E77*-P$116 -> -1445.6334 | Q77: =$E77*-Q$116 -> -4280.8506 | R77: =$E77*-R$116 -> -10577.621 | ... BC77: =$E77*-BC$116 -> 0
B78: M&E Engineering | C78: 0.004 | D78: of construction | E78: =C78*$E$69 -> 382000 | H78: =B78 -> M&E Engineering | I78: =SUM(K78:BC78) -> -382000 | K78: =$E78*-K$116 -> 0 | L78: =$E78*-L$116 -> 0 | M78: =$E78*-M$116 -> 0 | N78: =$E78*-N$116 -> 0 | O78: =$E78*-O$116 -> 0 | P78: =$E78*-P$116 -> -1156.5067 | Q78: =$E78*-Q$116 -> -3424.6805 | R78: =$E78*-R$116 -> -8462.0965 | ... BC78: =$E78*-BC$116 -> 0
B79: Civil Engineering | C79: 0.003 | D79: of construction | E79: =C79*$E$69 -> 286500 | H79: =B79 -> Civil Engineering | I79: =SUM(K79:BC79) -> -286500 | K79: =$E79*-K$116 -> 0 | L79: =$E79*-L$116 -> 0 | M79: =$E79*-M$116 -> 0 | N79: =$E79*-N$116 -> 0 | O79: =$E79*-O$116 -> 0 | P79: =$E79*-P$116 -> -867.38002 | Q79: =$E79*-Q$116 -> -2568.5104 | R79: =$E79*-R$116 -> -6346.5724 | ... BC79: =$E79*-BC$116 -> 0
B80: Quanity Surveyance | C80: 0.0035 | D80: of construction | E80: =C80*$E$69 -> 334250 | H80: =B80 -> Quanity Surveyance | I80: =SUM(K80:BC80) -> -334250 | K80: =$E80*-K$116 -> 0 | L80: =$E80*-L$116 -> 0 | M80: =$E80*-M$116 -> 0 | N80: =$E80*-N$116 -> 0 | O80: =$E80*-O$116 -> 0 | P80: =$E80*-P$116 -> -1011.9434 | Q80: =$E80*-Q$116 -> -2996.5954 | R80: =$E80*-R$116 -> -7404.3344 | ... BC80: =$E80*-BC$116 -> 0
B81: BER | C81: 250 | D81: per unit | E81: =C81*'Accom_Phase Schedule'!$C$45 -> 125000 | H81: =B81 -> BER | I81: =SUM(K81:BC81) -> -125000 | K81: =$E81*-K$116 -> 0 | L81: =$E81*-L$116 -> 0 | M81: =$E81*-M$116 -> 0 | N81: =$E81*-N$116 -> 0 | O81: =$E81*-O$116 -> 0 | P81: =$E81*-P$116 -> -378.43806 | Q81: =$E81*-Q$116 -> -1120.6415 | R81: =$E81*-R$116 -> -2769.0106 | ... BC81: =$E81*-BC$116 -> 0
B82: Archaeology | C82: 20000 | D82: flat fee | E82: =C82 -> 20000 | H82: =B82 -> Archaeology | I82: =SUM(K82:BC82) -> -20000 | K82: =$E82*-K$116 -> 0 | L82: =$E82*-L$116 -> 0 | M82: =$E82*-M$116 -> 0 | N82: =$E82*-N$116 -> 0 | O82: =$E82*-O$116 -> 0 | P82: =$E82*-P$116 -> -60.550089 | Q82: =$E82*-Q$116 -> -179.30264 | R82: =$E82*-R$116 -> -443.0417 | ... BC82: =$E82*-BC$116 -> 0
B83: CBR Tests | C83: 15000 | D83: flat fee | E83: =C83 -> 15000 | H83: =B83 -> CBR Tests | I83: =SUM(K83:BC83) -> -15000 | K83: =$E83*-K$116 -> 0 | L83: =$E83*-L$116 -> 0 | M83: =$E83*-M$116 -> 0 | N83: =$E83*-N$116 -> 0 | O83: =$E83*-O$116 -> 0 | P83: =$E83*-P$116 -> -45.412567 | Q83: =$E83*-Q$116 -> -134.47698 | R83: =$E83*-R$116 -> -332.28128 | ... BC83: =$E83*-BC$116 -> 0
B84: Project Management | C84: 0.01 | D84: of construction | E84: =C84*$E$69 -> 955000 | H84: =B84 -> Project Management | I84: =SUM(K84:BC84) -> -955000 | K84: =$E84*-K$116 -> 0 | L84: =$E84*-L$116 -> 0 | M84: =$E84*-M$116 -> 0 | N84: =$E84*-N$116 -> 0 | O84: =$E84*-O$116 -> 0 | P84: =$E84*-P$116 -> -2891.2667 | Q84: =$E84*-Q$116 -> -8561.7013 | R84: =$E84*-R$116 -> -21155.241 | ... BC84: =$E84*-BC$116 -> 0
H85: =B85 -> 0
B86: Total Post Contract Costs | E86: =SUM(E74:E85) -> 3640250 | H86: Total Post Contract Fees | I86: =SUM(I74:I85) -> -3640250 | K86: =SUM(K74:K85) -> 0 | L86: =SUM(L74:L85) -> 0 | M86: =SUM(M74:M85) -> 0 | N86: =SUM(N74:N85) -> 0 | O86: =SUM(O74:O85) -> 0 | P86: =SUM(P74:P85) -> -11020.873 | Q86: =SUM(Q74:Q85) -> -32635.323 | R86: =SUM(R74:R85) -> -80639.128 | ... BC86: =SUM(BC74:BC85) -> 0
B88: Contingency
B90: Total Construction Cost | E90: =E16+E26+E44+E57+E69+E86 -> 112635900 | H90: =B90 -> Total Construction Cost | I90: =SUM(K90:BC90) -> -1.126359e+08 | K90: =K86+K69+K57+K44+K26+K16 -> -746650 | L90: =L86+L69+L57+L44+L26+L16 -> -728650 | M90: =M86+M69+M57+M44+M26+M16 -> -728650 | N90: =N86+N69+N57+N44+N26+N16 -> -739650 | O90: =O86+O69+O57+O44+O26+O16 -> -728650 | P90: =P86+P69+P57+P44+P26+P16 -> -5823922.7 | Q90: =Q86+Q69+Q57+Q44+Q26+Q16 -> -873786.2 | R90: =R86+R69+R57+R44+R26+R16 -> -2113692.9 | ... BC90: =BC86+BC69+BC57+BC44+BC26+BC16 -> 0
B92: Contingency | C92: 0.075 | D92: of all costs | E92: =E90*C92 -> 8447692.5 | H92: =B92 -> Contingency | I92: =SUM(K92:BC92) -> -8447692.5 | K92: =K90*$C$92 -> -55998.75 | L92: =L90*$C$92 -> -54648.75 | M92: =M90*$C$92 -> -54648.75 | N92: =N90*$C$92 -> -55473.75 | O92: =O90*$C$92 -> -54648.75 | P92: =P90*$C$92 -> -436794.2 | Q92: =Q90*$C$92 -> -65533.965 | R92: =R90*$C$92 -> -158526.97 | ... BC92: =BC90*$C$92 -> 0
B94: Total Construction Cost + Contingency | E94: =E90+E92 -> 1.2108359e+08 | H94: =B94 -> Total Construction Cost + Contingency | I94: =SUM(K94:BC94) -> -1.2108359e+08 | K94: =K90+K92 -> -802648.75 | L94: =L90+L92 -> -783298.75 | M94: =M90+M92 -> -783298.75 | N94: =N90+N92 -> -795123.75 | O94: =O90+O92 -> -783298.75 | P94: =P90+P92 -> -6260716.9 | Q94: =Q90+Q92 -> -939320.17 | R94: =R90+R92 -> -2272219.9 | ... BC94: =BC90+BC92 -> 0
BC95: 1
B96: S-Curve
B98: S-Curve
B100: Max Z | C100: 3
B101: Phase 1 | H101: Phase 1 Rough Hard Cost | I101: =SUM(K101:BC101) -> 75400000 | K101: =IF(AND(K5>='Accom_Phase Schedule'!$C$53,K5<'Accom_Phase Schedule'!$E$53),'Accom_Phase Schedule'!$F$53*(NORMDIST(DATEDIF('Accom_Phase Schedule'!$C$53,K5,"m")+1,$C$102,$C$103,1)-NORMSDIST(-$C$100))/(NORMSDIST($C$100)-NORMSDIST(-$C$100))-SUM($J$101:J101),0) -> 0 | L101: =IF(AND(L5>='Accom_Phase Schedule'!$C$53,L5<'Accom_Phase Schedule'!$E$53),'Accom_Phase Schedule'!$F$53*(NORMDIST(DATEDIF('Accom_Phase Schedule'!$C$53,L5,"m")+1,$C$102,$C$103,1)-NORMSDIST(-$C$100))/(NORMSDIST($C$100)-NORMSDIST(-$C$100))-SUM($J$101:K101),0) -> 0 | M101: =IF(AND(M5>='Accom_Phase Schedule'!$C$53,M5<'Accom_Phase Schedule'!$E$53),'Accom_Phase Schedule'!$F$53*(NORMDIST(DATEDIF('Accom_Phase Schedule'!$C$53,M5,"m")+1,$C$102,$C$103,1)-NORMSDIST(-$C$100))/(NORMSDIST($C$100)-NORMSDIST(-$C$100))-SUM($J$101:L101),0) -> 0 | N101: =IF(AND(N5>='Accom_Phase Schedule'!$C$53,N5<'Accom_Phase Schedule'!$E$53),'Accom_Phase Schedule'!$F$53*(NORMDIST(DATEDIF('Accom_Phase Schedule'!$C$53,N5,"m")+1,$C$102,$C$103,1)-NORMSDIST(-$C$100))/(NORMSDIST($C$100)-NORMSDIST(-$C$100))-SUM($J$101:M101),0) -> 0 | O101: =IF(AND(O5>='Accom_Phase Schedule'!$C$53,O5<'Accom_Phase Schedule'!$E$53),'Accom_Phase Schedule'!$F$53*(NORMDIST(DATEDIF('Accom_Phase Schedule'!$C$53,O5,"m")+1,$C$102,$C$103,1)-NORMSDIST(-$C$100))/(NORMSDIST($C$100)-NORMSDIST(-$C$100))-SUM($J$101:N101),0) -> 0 | P101: =IF(AND(P5>='Accom_Phase Schedule'!$C$53,P5<'Accom_Phase Schedule'!$E$53),'Accom_Phase Schedule'!$F$53*(NORMDIST(DATEDIF('Accom_Phase Schedule'!$C$53,P5,"m")+1,$C$102,$C$103,1)-NORMSDIST(-$C$100))/(NORMSDIST($C$100)-NORMSDIST(-$C$100))-SUM($J$101:O101),0) -> 280801.04 | Q101: =IF(AND(Q5>='Accom_Phase Schedule'!$C$53,Q5<'Accom_Phase Schedule'!$E$53),'Accom_Phase Schedule'!$F$53*(NORMDIST(DATEDIF('Accom_Phase Schedule'!$C$53,Q5,"m")+1,$C$102,$C$103,1)-NORMSDIST(-$C$100))/(NORMSDIST($C$100)-NORMSDIST(-$C$100))-SUM($J$101:P101),0) -> 831516.01 | R101: =IF(AND(R5>='Accom_Phase Schedule'!$C$53,R5<'Accom_Phase Schedule'!$E$53),'Accom_Phase Schedule'!$F$53*(NORMDIST(DATEDIF('Accom_Phase Schedule'!$C$53,R5,"m")+1,$C$102,$C$103,1)-NORMSDIST(-$C$100))/(NORMSDIST($C$100)-NORMSDIST(-$C$100))-SUM($J$101:Q101),0) -> 2054605.9 | ... BC101: =IF(AND(BC5>='Accom_Phase Schedule'!$C$53,BC5<'Accom_Phase Schedule'!$E$53),'Accom_Phase Schedule'!$F$53*(NORMDIST(DATEDIF('Accom_Phase Schedule'!$C$53,BC5,"m")+1,$C$102,$C$103,1)-NORMSDIST(-$C$100))/(NORMSDIST($C$100)-NORMSDIST(-$C$100))-SUM($J$101:BB101),0) -> 0
B102: Mean | C102: ='Accom_Phase Schedule'!D53/2 -> 7
B103: Standard Deviation | C103: =C102/$C$100 -> 2.3333333
B104: Phase 2 | H104: Phase 2 Rough Hard Cost | I104: =SUM(K104:BC104) -> 17350000 | K104: =IF(AND(K5>='Accom_Phase Schedule'!$C$54,K5<'Accom_Phase Schedule'!$E$54),'Accom_Phase Schedule'!$F$54*(NORMDIST(DATEDIF('Accom_Phase Schedule'!$C$54,K5,"m")+1,$C$105,$C$106,1)-NORMSDIST(-$C$100))/(NORMSDIST($C$100)-NORMSDIST(-$C$100))-SUM($J$104:J104),0) -> 0 | L104: =IF(AND(L5>='Accom_Phase Schedule'!$C$54,L5<'Accom_Phase Schedule'!$E$54),'Accom_Phase Schedule'!$F$54*(NORMDIST(DATEDIF('Accom_Phase Schedule'!$C$54,L5,"m")+1,$C$105,$C$106,1)-NORMSDIST(-$C$100))/(NORMSDIST($C$100)-NORMSDIST(-$C$100))-SUM($J$104:K104),0) -> 0 | M104: =IF(AND(M5>='Accom_Phase Schedule'!$C$54,M5<'Accom_Phase Schedule'!$E$54),'Accom_Phase Schedule'!$F$54*(NORMDIST(DATEDIF('Accom_Phase Schedule'!$C$54,M5,"m")+1,$C$105,$C$106,1)-NORMSDIST(-$C$100))/(NORMSDIST($C$100)-NORMSDIST(-$C$100))-SUM($J$104:L104),0) -> 0 | N104: =IF(AND(N5>='Accom_Phase Schedule'!$C$54,N5<'Accom_Phase Schedule'!$E$54),'Accom_Phase Schedule'!$F$54*(NORMDIST(DATEDIF('Accom_Phase Schedule'!$C$54,N5,"m")+1,$C$105,$C$106,1)-NORMSDIST(-$C$100))/(NORMSDIST($C$100)-NORMSDIST(-$C$100))-SUM($J$104:M104),0) -> 0 | O104: =IF(AND(O5>='Accom_Phase Schedule'!$C$54,O5<'Accom_Phase Schedule'!$E$54),'Accom_Phase Schedule'!$F$54*(NORMDIST(DATEDIF('Accom_Phase Schedule'!$C$54,O5,"m")+1,$C$105,$C$106,1)-NORMSDIST(-$C$100))/(NORMSDIST($C$100)-NORMSDIST(-$C$100))-SUM($J$104:N104),0) -> 0 | P104: =IF(AND(P5>='Accom_Phase Schedule'!$C$54,P5<'Accom_Phase Schedule'!$E$54),'Accom_Phase Schedule'!$F$54*(NORMDIST(DATEDIF('Accom_Phase Schedule'!$C$54,P5,"m")+1,$C$105,$C$106,1)-NORMSDIST(-$C$100))/(NORMSDIST($C$100)-NORMSDIST(-$C$100))-SUM($J$104:O104),0) -> 0 | Q104: =IF(AND(Q5>='Accom_Phase Schedule'!$C$54,Q5<'Accom_Phase Schedule'!$E$54),'Accom_Phase Schedule'!$F$54*(NORMDIST(DATEDIF('Accom_Phase Schedule'!$C$54,Q5,"m")+1,$C$105,$C$106,1)-NORMSDIST(-$C$100))/(NORMSDIST($C$100)-NORMSDIST(-$C$100))-SUM($J$104:P104),0) -> 0 | R104: =IF(AND(R5>='Accom_Phase Schedule'!$C$54,R5<'Accom_Phase Schedule'!$E$54),'Accom_Phase Schedule'!$F$54*(NORMDIST(DATEDIF('Accom_Phase Schedule'!$C$54,R5,"m")+1,$C$105,$C$106,1)-NORMSDIST(-$C$100))/(NORMSDIST($C$100)-NORMSDIST(-$C$100))-SUM($J$104:Q104),0) -> 0 | ... BC104: =IF(AND(BC5>='Accom_Phase Schedule'!$C$54,BC5<'Accom_Phase Schedule'!$E$54),'Accom_Phase Schedule'!$F$54*(NORMDIST(DATEDIF('Accom_Phase Schedule'!$C$54,BC5,"m")+1,$C$105,$C$106,1)-NORMSDIST(-$C$100))/(NORMSDIST($C$100)-NORMSDIST(-$C$100))-SUM($J$104:BB104),0) -> 0
B105: Mean | C105: ='Accom_Phase Schedule'!D54/2 -> 7.5
B106: Standard Deviation | C106: =C105/$C$100 -> 2.5
B107: Phase 3 | H107: Phase 3 Rough Hard Cost | I107: =SUM(K107:BC107) -> 0 | K107: =IF(AND(K5>='Accom_Phase Schedule'!$C$55,K5<'Accom_Phase Schedule'!$E$55),'Accom_Phase Schedule'!$F$55*(NORMDIST(DATEDIF('Accom_Phase Schedule'!$C$55,K5,"m")+1,$C$108,$C$109,1)-NORMSDIST(-$C$100))/(NORMSDIST($C$100)-NORMSDIST(-$C$100))-SUM($J$107:J107),0) -> 0 | L107: =IF(AND(L5>='Accom_Phase Schedule'!$C$55,L5<'Accom_Phase Schedule'!$E$55),'Accom_Phase Schedule'!$F$55*(NORMDIST(DATEDIF('Accom_Phase Schedule'!$C$55,L5,"m")+1,$C$108,$C$109,1)-NORMSDIST(-$C$100))/(NORMSDIST($C$100)-NORMSDIST(-$C$100))-SUM($J$107:K107),0) -> 0 | M107: =IF(AND(M5>='Accom_Phase Schedule'!$C$55,M5<'Accom_Phase Schedule'!$E$55),'Accom_Phase Schedule'!$F$55*(NORMDIST(DATEDIF('Accom_Phase Schedule'!$C$55,M5,"m")+1,$C$108,$C$109,1)-NORMSDIST(-$C$100))/(NORMSDIST($C$100)-NORMSDIST(-$C$100))-SUM($J$107:L107),0) -> 0 | N107: =IF(AND(N5>='Accom_Phase Schedule'!$C$55,N5<'Accom_Phase Schedule'!$E$55),'Accom_Phase Schedule'!$F$55*(NORMDIST(DATEDIF('Accom_Phase Schedule'!$C$55,N5,"m")+1,$C$108,$C$109,1)-NORMSDIST(-$C$100))/(NORMSDIST($C$100)-NORMSDIST(-$C$100))-SUM($J$107:M107),0) -> 0 | O107: =IF(AND(O5>='Accom_Phase Schedule'!$C$55,O5<'Accom_Phase Schedule'!$E$55),'Accom_Phase Schedule'!$F$55*(NORMDIST(DATEDIF('Accom_Phase Schedule'!$C$55,O5,"m")+1,$C$108,$C$109,1)-NORMSDIST(-$C$100))/(NORMSDIST($C$100)-NORMSDIST(-$C$100))-SUM($J$107:N107),0) -> 0 | P107: =IF(AND(P5>='Accom_Phase Schedule'!$C$55,P5<'Accom_Phase Schedule'!$E$55),'Accom_Phase Schedule'!$F$55*(NORMDIST(DATEDIF('Accom_Phase Schedule'!$C$55,P5,"m")+1,$C$108,$C$109,1)-NORMSDIST(-$C$100))/(NORMSDIST($C$100)-NORMSDIST(-$C$100))-SUM($J$107:O107),0) -> 0 | Q107: =IF(AND(Q5>='Accom_Phase Schedule'!$C$55,Q5<'Accom_Phase Schedule'!$E$55),'Accom_Phase Schedule'!$F$55*(NORMDIST(DATEDIF('Accom_Phase Schedule'!$C$55,Q5,"m")+1,$C$108,$C$109,1)-NORMSDIST(-$C$100))/(NORMSDIST($C$100)-NORMSDIST(-$C$100))-SUM($J$107:P107),0) -> 0 | R107: =IF(AND(R5>='Accom_Phase Schedule'!$C$55,R5<'Accom_Phase Schedule'!$E$55),'Accom_Phase Schedule'!$F$55*(NORMDIST(DATEDIF('Accom_Phase Schedule'!$C$55,R5,"m")+1,$C$108,$C$109,1)-NORMSDIST(-$C$100))/(NORMSDIST($C$100)-NORMSDIST(-$C$100))-SUM($J$107:Q107),0) -> 0 | ... BC107: =IF(AND(BC5>='Accom_Phase Schedule'!$C$55,BC5<'Accom_Phase Schedule'!$E$55),'Accom_Phase Schedule'!$F$55*(NORMDIST(DATEDIF('Accom_Phase Schedule'!$C$55,BC5,"m")+1,$C$108,$C$109,1)-NORMSDIST(-$C$100))/(NORMSDIST($C$100)-NORMSDIST(-$C$100))-SUM($J$107:BB107),0) -> 0
B108: Mean | C108: ='Accom_Phase Schedule'!D55/2 -> 8
B109: Standard Deviation | C109: =C108/$C$100 -> 2.6666667
B110: Phase 4 | H110: Phase 4 Rough Hard Cost | I110: =SUM(K110:BC110) -> 0 | K110: =IF(AND(K5>='Accom_Phase Schedule'!$C$56,K5<'Accom_Phase Schedule'!$E$56),'Accom_Phase Schedule'!$F$56*(NORMDIST(DATEDIF('Accom_Phase Schedule'!$C$56,K5,"m")+1,$C$111,$C$112,1)-NORMSDIST(-$C$100))/(NORMSDIST($C$100)-NORMSDIST(-$C$100))-SUM($J$110:J110),0) -> 0 | L110: =IF(AND(L5>='Accom_Phase Schedule'!$C$56,L5<'Accom_Phase Schedule'!$E$56),'Accom_Phase Schedule'!$F$56*(NORMDIST(DATEDIF('Accom_Phase Schedule'!$C$56,L5,"m")+1,$C$111,$C$112,1)-NORMSDIST(-$C$100))/(NORMSDIST($C$100)-NORMSDIST(-$C$100))-SUM($J$110:K110),0) -> 0 | M110: =IF(AND(M5>='Accom_Phase Schedule'!$C$56,M5<'Accom_Phase Schedule'!$E$56),'Accom_Phase Schedule'!$F$56*(NORMDIST(DATEDIF('Accom_Phase Schedule'!$C$56,M5,"m")+1,$C$111,$C$112,1)-NORMSDIST(-$C$100))/(NORMSDIST($C$100)-NORMSDIST(-$C$100))-SUM($J$110:L110),0) -> 0 | N110: =IF(AND(N5>='Accom_Phase Schedule'!$C$56,N5<'Accom_Phase Schedule'!$E$56),'Accom_Phase Schedule'!$F$56*(NORMDIST(DATEDIF('Accom_Phase Schedule'!$C$56,N5,"m")+1,$C$111,$C$112,1)-NORMSDIST(-$C$100))/(NORMSDIST($C$100)-NORMSDIST(-$C$100))-SUM($J$110:M110),0) -> 0 | O110: =IF(AND(O5>='Accom_Phase Schedule'!$C$56,O5<'Accom_Phase Schedule'!$E$56),'Accom_Phase Schedule'!$F$56*(NORMDIST(DATEDIF('Accom_Phase Schedule'!$C$56,O5,"m")+1,$C$111,$C$112,1)-NORMSDIST(-$C$100))/(NORMSDIST($C$100)-NORMSDIST(-$C$100))-SUM($J$110:N110),0) -> 0 | P110: =IF(AND(P5>='Accom_Phase Schedule'!$C$56,P5<'Accom_Phase Schedule'!$E$56),'Accom_Phase Schedule'!$F$56*(NORMDIST(DATEDIF('Accom_Phase Schedule'!$C$56,P5,"m")+1,$C$111,$C$112,1)-NORMSDIST(-$C$100))/(NORMSDIST($C$100)-NORMSDIST(-$C$100))-SUM($J$110:O110),0) -> 0 | Q110: =IF(AND(Q5>='Accom_Phase Schedule'!$C$56,Q5<'Accom_Phase Schedule'!$E$56),'Accom_Phase Schedule'!$F$56*(NORMDIST(DATEDIF('Accom_Phase Schedule'!$C$56,Q5,"m")+1,$C$111,$C$112,1)-NORMSDIST(-$C$100))/(NORMSDIST($C$100)-NORMSDIST(-$C$100))-SUM($J$110:P110),0) -> 0 | R110: =IF(AND(R5>='Accom_Phase Schedule'!$C$56,R5<'Accom_Phase Schedule'!$E$56),'Accom_Phase Schedule'!$F$56*(NORMDIST(DATEDIF('Accom_Phase Schedule'!$C$56,R5,"m")+1,$C$111,$C$112,1)-NORMSDIST(-$C$100))/(NORMSDIST($C$100)-NORMSDIST(-$C$100))-SUM($J$110:Q110),0) -> 0 | ... BC110: =IF(AND(BC5>='Accom_Phase Schedule'!$C$56,BC5<'Accom_Phase Schedule'!$E$56),'Accom_Phase Schedule'!$F$56*(NORMDIST(DATEDIF('Accom_Phase Schedule'!$C$56,BC5,"m")+1,$C$111,$C$112,1)-NORMSDIST(-$C$100))/(NORMSDIST($C$100)-NORMSDIST(-$C$100))-SUM($J$110:BB110),0) -> 0
B111: Mean | C111: ='Accom_Phase Schedule'!D56/2 -> 9
B112: Standard Deviation | C112: =C111/$C$100 -> 3
B113: Phase 5 | H113: Phase 5 Rough Hard Cost | I113: =SUM(K113:BC113) -> 0 | K113: =IF(AND(K5>='Accom_Phase Schedule'!$C$57,K5<'Accom_Phase Schedule'!$E$57),'Accom_Phase Schedule'!$F$57*(NORMDIST(DATEDIF('Accom_Phase Schedule'!$C$57,K5,"m")+1,$C$114,$C$115,1)-NORMSDIST(-$C$100))/(NORMSDIST($C$100)-NORMSDIST(-$C$100))-SUM($J$113:J113),0) -> 0 | L113: =IF(AND(L5>='Accom_Phase Schedule'!$C$57,L5<'Accom_Phase Schedule'!$E$57),'Accom_Phase Schedule'!$F$57*(NORMDIST(DATEDIF('Accom_Phase Schedule'!$C$57,L5,"m")+1,$C$114,$C$115,1)-NORMSDIST(-$C$100))/(NORMSDIST($C$100)-NORMSDIST(-$C$100))-SUM($J$113:K113),0) -> 0 | M113: =IF(AND(M5>='Accom_Phase Schedule'!$C$57,M5<'Accom_Phase Schedule'!$E$57),'Accom_Phase Schedule'!$F$57*(NORMDIST(DATEDIF('Accom_Phase Schedule'!$C$57,M5,"m")+1,$C$114,$C$115,1)-NORMSDIST(-$C$100))/(NORMSDIST($C$100)-NORMSDIST(-$C$100))-SUM($J$113:L113),0) -> 0 | N113: =IF(AND(N5>='Accom_Phase Schedule'!$C$57,N5<'Accom_Phase Schedule'!$E$57),'Accom_Phase Schedule'!$F$57*(NORMDIST(DATEDIF('Accom_Phase Schedule'!$C$57,N5,"m")+1,$C$114,$C$115,1)-NORMSDIST(-$C$100))/(NORMSDIST($C$100)-NORMSDIST(-$C$100))-SUM($J$113:M113),0) -> 0 | O113: =IF(AND(O5>='Accom_Phase Schedule'!$C$57,O5<'Accom_Phase Schedule'!$E$57),'Accom_Phase Schedule'!$F$57*(NORMDIST(DATEDIF('Accom_Phase Schedule'!$C$57,O5,"m")+1,$C$114,$C$115,1)-NORMSDIST(-$C$100))/(NORMSDIST($C$100)-NORMSDIST(-$C$100))-SUM($J$113:N113),0) -> 0 | P113: =IF(AND(P5>='Accom_Phase Schedule'!$C$57,P5<'Accom_Phase Schedule'!$E$57),'Accom_Phase Schedule'!$F$57*(NORMDIST(DATEDIF('Accom_Phase Schedule'!$C$57,P5,"m")+1,$C$114,$C$115,1)-NORMSDIST(-$C$100))/(NORMSDIST($C$100)-NORMSDIST(-$C$100))-SUM($J$113:O113),0) -> 0 | Q113: =IF(AND(Q5>='Accom_Phase Schedule'!$C$57,Q5<'Accom_Phase Schedule'!$E$57),'Accom_Phase Schedule'!$F$57*(NORMDIST(DATEDIF('Accom_Phase Schedule'!$C$57,Q5,"m")+1,$C$114,$C$115,1)-NORMSDIST(-$C$100))/(NORMSDIST($C$100)-NORMSDIST(-$C$100))-SUM($J$113:P113),0) -> 0 | R113: =IF(AND(R5>='Accom_Phase Schedule'!$C$57,R5<'Accom_Phase Schedule'!$E$57),'Accom_Phase Schedule'!$F$57*(NORMDIST(DATEDIF('Accom_Phase Schedule'!$C$57,R5,"m")+1,$C$114,$C$115,1)-NORMSDIST(-$C$100))/(NORMSDIST($C$100)-NORMSDIST(-$C$100))-SUM($J$113:Q113),0) -> 0 | ... BC113: =IF(AND(BC5>='Accom_Phase Schedule'!$C$57,BC5<'Accom_Phase Schedule'!$E$57),'Accom_Phase Schedule'!$F$57*(NORMDIST(DATEDIF('Accom_Phase Schedule'!$C$57,BC5,"m")+1,$C$114,$C$115,1)-NORMSDIST(-$C$100))/(NORMSDIST($C$100)-NORMSDIST(-$C$100))-SUM($J$113:BB113),0) -> 0
B114: Mean | C114: ='Accom_Phase Schedule'!D57/2 -> 10
B115: Standard Deviation | C115: =C114/$C$100 -> 3.3333333 | H115: Rough Hard Cost Total | I115: =SUM(K115:BC115) -> 92750000 | K115: =K101+K104+K107+K110+K113 -> 0 | L115: =L101+L104+L107+L110+L113 -> 0 | M115: =M101+M104+M107+M110+M113 -> 0 | N115: =N101+N104+N107+N110+N113 -> 0 | O115: =O101+O104+O107+O110+O113 -> 0 | P115: =P101+P104+P107+P110+P113 -> 280801.04 | Q115: =Q101+Q104+Q107+Q110+Q113 -> 831516.01 | R115: =R101+R104+R107+R110+R113 -> 2054605.9 | ... BC115: =BC101+BC104+BC107+BC110+BC113 -> 0
H116: Total Percentage | I116: =SUM(K116:BC116) -> 1 | K116: =K115/$I$115 -> 0 | L116: =L115/$I$115 -> 0 | M116: =M115/$I$115 -> 0 | N116: =N115/$I$115 -> 0 | O116: =O115/$I$115 -> 0 | P116: =P115/$I$115 -> 0.0030275044 | Q116: =Q115/$I$115 -> 0.0089651322 | R116: =R115/$I$115 -> 0.022152085 | ... BC116: =BC115/$I$115 -> 0
B117: Finance
B119: Senior Loan
H121: Equity Schedule
B122: Loan to Cost | C122: 0.65 | H122: Beginning Balance | K122: =-I94-C125 -> 42379257 | L122: =K124 -> 41576609 | M122: =L124 -> 40793310 | N122: =M124 -> 40010011 | O122: =N124 -> 39214887 | P122: =O124 -> 38431589 | Q122: =P124 -> 32170872 | R122: =Q124 -> 31231552 | S122: =R124 -> 28959332 | ... BC122: =BB124 -> 0
B123: Interest | C123: 0.05 | H123: Equity Funded | I123: =SUM(K123:BC123) -> 42379257 | K123: =MIN(K122,-K94) -> 802648.75 | L123: =MIN(L122,-L94) -> 783298.75 | M123: =MIN(M122,-M94) -> 783298.75 | N123: =MIN(N122,-N94) -> 795123.75 | O123: =MIN(O122,-O94) -> 783298.75 | P123: =MIN(P122,-P94) -> 6260716.9 | Q123: =MIN(Q122,-Q94) -> 939320.17 | R123: =MIN(R122,-R94) -> 2272219.9 | ... BC123: =MIN(BC122,-BC94) -> 0
...

Sheet Accom_Phase Schedule
B2: Accomodation Schedule
B4: Unit Schedule
B5: Private | E5: Part V
B6: Apt / Type | C6: NIA Sqft | D6: Rent pm | E6: Council Rent | F6: Council Price | I6: Apt / Type | J6: # of units | K6: % of units | L6: Rent Roll | M6: % rent roll | N6: Rent psf NIA
B7: Studio | C7: 500 | D7: 1100 | E7: =MROUND(D7*0.8,25) -> 875 | F7: =MROUND(C7*400,5000) -> 200000 | I7: =B7 -> Studio | J7: =SUMIF($C$21:$C$34,I7,$D$21:$D$34)+SUMIF($J$21:$J$34,I7,$K$21:$K$34) -> 100 | K7: =J7/SUM($J$7:$J$15) -> 0.2 | L7: =SUMIF($C$21:$C$34,I7,$F$21:$F$34)+SUMIF($J$21:$J$34,I7,$M$21:$M$34) -> 105500 | M7: =L7/SUM($L$7:$L$15) -> 0.10784564 | N7: =IFERROR(D7*12/C7,0) -> 26.4
B8: 1 Bed Apt Type.1 | C8: 600 | D8: 1500 | E8: =MROUND(D8*0.8,25) -> 1200 | F8: =MROUND(C8*400,5000) -> 240000 | I8: =B8 -> 1 Bed Apt Type.1 | J8: =SUMIF($C$21:$C$34,I8,$D$21:$D$34)+SUMIF($J$21:$J$34,I8,$K$21:$K$34) -> 100 | K8: =J8/SUM($J$7:$J$15) -> 0.2 | L8: =SUMIF($C$21:$C$34,I8,$F$21:$F$34)+SUMIF($J$21:$J$34,I8,$M$21:$M$34) -> 147000 | M8: =L8/SUM($L$7:$L$15) -> 0.15026834 | N8: =IFERROR(D8*12/C8,0) -> 30
B9: 1 Bed Apt Type 2 | C9: 650 | D9: 1600 | E9: =MROUND(D9*0.8,25) -> 1275 | F9: =MROUND(C9*400,5000) -> 260000 | I9: =B9 -> 1 Bed Apt Type 2 | J9: =SUMIF($C$21:$C$34,I9,$D$21:$D$34)+SUMIF($J$21:$J$34,I9,$K$21:$K$34) -> 50 | K9: =J9/SUM($J$7:$J$15) -> 0.1 | L9: =SUMIF($C$21:$C$34,I9,$F$21:$F$34)+SUMIF($J$21:$J$34,I9,$M$21:$M$34) -> 76750 | M9: =L9/SUM($L$7:$L$15) -> 0.078456427 | N9: =IFERROR(D9*12/C9,0) -> 29.538462
B10: 2 Bed Apt Type 1 | C10: 750 | D10: 2200 | E10: =MROUND(D10*0.8,25) -> 1750 | F10: =MROUND(C10*400,5000) -> 300000 | I10: =B10 -> 2 Bed Apt Type 1 | J10: =SUMIF($C$21:$C$34,I10,$D$21:$D$34)+SUMIF($J$21:$J$34,I10,$K$21:$K$34) -> 50 | K10: =J10/SUM($J$7:$J$15) -> 0.1 | L10: =SUMIF($C$21:$C$34,I10,$F$21:$F$34)+SUMIF($J$21:$J$34,I10,$M$21:$M$34) -> 110000 | M10: =L10/SUM($L$7:$L$15) -> 0.11244569 | N10: =IFERROR(D10*12/C10,0) -> 35.2
B11: 2 Bed Apt Type 2 | C11: 800 | D11: 2400 | E11: =MROUND(D11*0.8,25) -> 1925 | F11: =MROUND(C11*400,5000) -> 320000 | I11: =B11 -> 2 Bed Apt Type 2 | J11: =SUMIF($C$21:$C$34,I11,$D$21:$D$34)+SUMIF($J$21:$J$34,I11,$K$21:$K$34) -> 100 | K11: =J11/SUM($J$7:$J$15) -> 0.2 | L11: =SUMIF($C$21:$C$34,I11,$F$21:$F$34)+SUMIF($J$21:$J$34,I11,$M$21:$M$34) -> 240000 | M11: =L11/SUM($L$7:$L$15) -> 0.24533606 | N11: =IFERROR(D11*12/C11,0) -> 36
B12: 3 Bed Apt Type 1 | C12: 1000 | D12: 3000 | E12: =MROUND(D12*0.8,25) -> 2400 | F12: =MROUND(C12*400,5000) -> 400000 | I12: =B12 -> 3 Bed Apt Type 1 | J12: =SUMIF($C$21:$C$34,I12,$D$21:$D$34)+SUMIF($J$21:$J$34,I12,$K$21:$K$34) -> 50 | K12: =J12/SUM($J$7:$J$15) -> 0.1 | L12: =SUMIF($C$21:$C$34,I12,$F$21:$F$34)+SUMIF($J$21:$J$34,I12,$M$21:$M$34) -> 144000 | M12: =L12/SUM($L$7:$L$15) -> 0.14720164 | N12: =IFERROR(D12*12/C12,0) -> 36
B13: 3 Bed Apt Type 2 | C13: 1100 | D13: 3100 | E13: =MROUND(D13*0.8,25) -> 2475 | F13: =MROUND(C13*400,5000) -> 440000 | I13: =B13 -> 3 Bed Apt Type 2 | J13: =SUMIF($C$21:$C$34,I13,$D$21:$D$34)+SUMIF($J$21:$J$34,I13,$K$21:$K$34) -> 50 | K13: =J13/SUM($J$7:$J$15) -> 0.1 | L13: =SUMIF($C$21:$C$34,I13,$F$21:$F$34)+SUMIF($J$21:$J$34,I13,$M$21:$M$34) -> 155000 | M13: =L13/SUM($L$7:$L$15) -> 0.1584462 | N13: =IFERROR(D13*12/C13,0) -> 33.818182
I14: =B14 -> 0 | J14: =SUMIF($C$21:$C$34,I14,$D$21:$D$34)+SUMIF($J$21:$J$34,I14,$K$21:$K$34) -> 0 | K14: =J14/SUM($J$7:$J$15) -> 0 | L14: =SUMIF($C$21:$C$34,I14,$F$21:$F$34)+SUMIF($J$21:$J$34,I14,$M$21:$M$34) -> 0 | M14: =L14/SUM($L$7:$L$15) -> 0 | N14: =IFERROR(D14*12/C14,0) -> 0
I15: =B15 -> 0 | J15: =SUMIF($C$21:$C$34,I15,$D$21:$D$34)+SUMIF($J$21:$J$34,I15,$K$21:$K$34) -> 0 | K15: =J15/SUM($J$7:$J$15) -> 0 | L15: =SUMIF($C$21:$C$34,I15,$F$21:$F$34)+SUMIF($J$21:$J$34,I15,$M$21:$M$34) -> 0 | M15: =L15/SUM($L$7:$L$15) -> 0 | N15: =IFERROR(D15*12/C15,0) -> 0
B17: Accomodation Schedule
B19: Private | I19: Part V
B20: Block | C20: Apt / Type | D20: # of units | E20: NIA sqft | F20: Rent Roll pm | I20: Block | J20: Apt / Type | K20: # of units | L20: NIA sqft | M20: Rent Roll pm | N20: Council GDV
B21: 1 | C21: Studio | D21: 40 | E21: =_xlfn.IFNA(D21*INDEX($C$7:$C$15,MATCH(C21,$B$7:$B$15,0)),0) -> 20000 | F21: =_xlfn.IFNA(D21*INDEX($D$7:$D$15,MATCH(C21,$B$7:$B$15,0)),0) -> 44000 | I21: 1 | J21: Studio | K21: 10 | L21: =_xlfn.IFNA(K21*INDEX($C$7:$C$15,MATCH(J21,$B$7:$B$15,0)),0) -> 5000 | M21: =($B$63="Rent to Council")*_xlfn.IFNA(K21*INDEX($E$7:$E$15,MATCH(J21,$B$7:$B$15,0)),0) -> 8750 | N21: =($B$63="Sale to Council")*_xlfn.IFNA(K21*INDEX($F$7:$F$15,MATCH(J21,$B$7:$B$15,0)),0) -> 0
B22: 1 | C22: 1 Bed Apt Type.1 | D22: 50 | E22: =_xlfn.IFNA(D22*INDEX($C$7:$C$15,MATCH(C22,$B$7:$B$15,0)),0) -> 30000 | F22: =_xlfn.IFNA(D22*INDEX($D$7:$D$15,MATCH(C22,$B$7:$B$15,0)),0) -> 75000 | I22: 2 | J22: 1 Bed Apt Type 2 | K22: 10 | L22: =_xlfn.IFNA(K22*INDEX($C$7:$C$15,MATCH(J22,$B$7:$B$15,0)),0) -> 6500 | M22: =($B$63="Rent to Council")*_xlfn.IFNA(K22*INDEX($E$7:$E$15,MATCH(J22,$B$7:$B$15,0)),0) -> 12750 | N22: =($B$63="Sale to Council")*_xlfn.IFNA(K22*INDEX($F$7:$F$15,MATCH(J22,$B$7:$B$15,0)),0) -> 0
B23: 2 | C23: 1 Bed Apt Type 2 | D23: 40 | E23: =_xlfn.IFNA(D23*INDEX($C$7:$C$15,MATCH(C23,$B$7:$B$15,0)),0) -> 26000 | F23: =_xlfn.IFNA(D23*INDEX($D$7:$D$15,MATCH(C23,$B$7:$B$15,0)),0) -> 64000 | I23: 3 | J23: 3 Bed Apt Type 1 | K23: 10 | L23: =_xlfn.IFNA(K23*INDEX($C$7:$C$15,MATCH(J23,$B$7:$B$15,0)),0) -> 10000 | M23: =($B$63="Rent to Council")*_xlfn.IFNA(K23*INDEX($E$7:$E$15,MATCH(J23,$B$7:$B$15,0)),0) -> 24000 | N23: =($B$63="Sale to Council")*_xlfn.IFNA(K23*INDEX($F$7:$F$15,MATCH(J23,$B$7:$B$15,0)),0) -> 0
B24: 2 | C24: 2 Bed Apt Type 1 | D24: 50 | E24: =_xlfn.IFNA(D24*INDEX($C$7:$C$15,MATCH(C24,$B$7:$B$15,0)),0) -> 37500 | F24: =_xlfn.IFNA(D24*INDEX($D$7:$D$15,MATCH(C24,$B$7:$B$15,0)),0) -> 110000 | I24: 4 | J24: Studio | K24: 10 | L24: =_xlfn.IFNA(K24*INDEX($C$7:$C$15,MATCH(J24,$B$7:$B$15,0)),0) -> 5000 | M24: =($B$63="Rent to Council")*_xlfn.IFNA(K24*INDEX($E$7:$E$15,MATCH(J24,$B$7:$B$15,0)),0) -> 8750 | N24: =($B$63="Sale to Council")*_xlfn.IFNA(K24*INDEX($F$7:$F$15,MATCH(J24,$B$7:$B$15,0)),0) -> 0
B25: 3 | C25: 3 Bed Apt Type 1 | D25: 40 | E25: =_xlfn.IFNA(D25*INDEX($C$7:$C$15,MATCH(C25,$B$7:$B$15,0)),0) -> 40000 | F25: =_xlfn.IFNA(D25*INDEX($D$7:$D$15,MATCH(C25,$B$7:$B$15,0)),0) -> 120000 | I25: 5 | J25: 1 Bed Apt Type.1 | K25: 10 | L25: =_xlfn.IFNA(K25*INDEX($C$7:$C$15,MATCH(J25,$B$7:$B$15,0)),0) -> 6000 | M25: =($B$63="Rent to Council")*_xlfn.IFNA(K25*INDEX($E$7:$E$15,MATCH(J25,$B$7:$B$15,0)),0) -> 12000 | N25: =($B$63="Sale to Council")*_xlfn.IFNA(K25*INDEX($F$7:$F$15,MATCH(J25,$B$7:$B$15,0)),0) -> 0
B26: 3 | C26: 2 Bed Apt Type 2 | D26: 50 | E26: =_xlfn.IFNA(D26*INDEX($C$7:$C$15,MATCH(C26,$B$7:$B$15,0)),0) -> 40000 | F26: =_xlfn.IFNA(D26*INDEX($D$7:$D$15,MATCH(C26,$B$7:$B$15,0)),0) -> 120000 | L26: =_xlfn.IFNA(K26*INDEX($C$7:$C$15,MATCH(J26,$B$7:$B$15,0)),0) -> 0 | M26: =($B$63="Rent to Council")*_xlfn.IFNA(K26*INDEX($E$7:$E$15,MATCH(J26,$B$7:$B$15,0)),0) -> 0 | N26: =($B$63="Sale to Council")*_xlfn.IFNA(K26*INDEX($F$7:$F$15,MATCH(J26,$B$7:$B$15,0)),0) -> 0
B27: 4 | C27: 3 Bed Apt Type 2 | D27: 50 | E27: =_xlfn.IFNA(D27*INDEX($C$7:$C$15,MATCH(C27,$B$7:$B$15,0)),0) -> 55000 | F27: =_xlfn.IFNA(D27*INDEX($D$7:$D$15,MATCH(C27,$B$7:$B$15,0)),0) -> 155000 | L27: =_xlfn.IFNA(K27*INDEX($C$7:$C$15,MATCH(J27,$B$7:$B$15,0)),0) -> 0 | M27: =($B$63="Rent to Council")*_xlfn.IFNA(K27*INDEX($E$7:$E$15,MATCH(J27,$B$7:$B$15,0)),0) -> 0 | N27: =($B$63="Sale to Council")*_xlfn.IFNA(K27*INDEX($F$7:$F$15,MATCH(J27,$B$7:$B$15,0)),0) -> 0
B28: 4 | C28: Studio | D28: 40 | E28: =_xlfn.IFNA(D28*INDEX($C$7:$C$15,MATCH(C28,$B$7:$B$15,0)),0) -> 20000 | F28: =_xlfn.IFNA(D28*INDEX($D$7:$D$15,MATCH(C28,$B$7:$B$15,0)),0) -> 44000 | L28: =_xlfn.IFNA(K28*INDEX($C$7:$C$15,MATCH(J28,$B$7:$B$15,0)),0) -> 0 | M28: =($B$63="Rent to Council")*_xlfn.IFNA(K28*INDEX($E$7:$E$15,MATCH(J28,$B$7:$B$15,0)),0) -> 0 | N28: =($B$63="Sale to Council")*_xlfn.IFNA(K28*INDEX($F$7:$F$15,MATCH(J28,$B$7:$B$15,0)),0) -> 0
B29: 5 | C29: 1 Bed Apt Type.1 | D29: 40 | E29: =_xlfn.IFNA(D29*INDEX($C$7:$C$15,MATCH(C29,$B$7:$B$15,0)),0) -> 24000 | F29: =_xlfn.IFNA(D29*INDEX($D$7:$D$15,MATCH(C29,$B$7:$B$15,0)),0) -> 60000 | L29: =_xlfn.IFNA(K29*INDEX($C$7:$C$15,MATCH(J29,$B$7:$B$15,0)),0) -> 0 | M29: =($B$63="Rent to Council")*_xlfn.IFNA(K29*INDEX($E$7:$E$15,MATCH(J29,$B$7:$B$15,0)),0) -> 0 | N29: =($B$63="Sale to Council")*_xlfn.IFNA(K29*INDEX($F$7:$F$15,MATCH(J29,$B$7:$B$15,0)),0) -> 0
B30: 5 | C30: 2 Bed Apt Type 2 | D30: 50 | E30: =_xlfn.IFNA(D30*INDEX($C$7:$C$15,MATCH(C30,$B$7:$B$15,0)),0) -> 40000 | F30: =_xlfn.IFNA(D30*INDEX($D$7:$D$15,MATCH(C30,$B$7:$B$15,0)),0) -> 120000 | L30: =_xlfn.IFNA(K30*INDEX($C$7:$C$15,MATCH(J30,$B$7:$B$15,0)),0) -> 0 | M30: =($B$63="Rent to Council")*_xlfn.IFNA(K30*INDEX($E$7:$E$15,MATCH(J30,$B$7:$B$15,0)),0) -> 0 | N30: =($B$63="Sale to Council")*_xlfn.IFNA(K30*INDEX($F$7:$F$15,MATCH(J30,$B$7:$B$15,0)),0) -> 0
E31: =_xlfn.IFNA(D31*INDEX($C$7:$C$15,MATCH(C31,$B$7:$B$15,0)),0) -> 0 | F31: =_xlfn.IFNA(D31*INDEX($D$7:$D$15,MATCH(C31,$B$7:$B$15,0)),0) -> 0 | L31: =_xlfn.IFNA(K31*INDEX($C$7:$C$15,MATCH(J31,$B$7:$B$15,0)),0) -> 0 | M31: =($B$63="Rent to Council")*_xlfn.IFNA(K31*INDEX($E$7:$E$15,MATCH(J31,$B$7:$B$15,0)),0) -> 0 | N31: =($B$63="Sale to Council")*_xlfn.IFNA(K31*INDEX($F$7:$F$15,MATCH(J31,$B$7:$B$15,0)),0) -> 0
E32: =_xlfn.IFNA(D32*INDEX($C$7:$C$15,MATCH(C32,$B$7:$B$15,0)),0) -> 0 | F32: =_xlfn.IFNA(D32*INDEX($D$7:$D$15,MATCH(C32,$B$7:$B$15,0)),0) -> 0 | L32: =_xlfn.IFNA(K32*INDEX($C$7:$C$15,MATCH(J32,$B$7:$B$15,0)),0) -> 0 | M32: =($B$63="Rent to Council")*_xlfn.IFNA(K32*INDEX($E$7:$E$15,MATCH(J32,$B$7:$B$15,0)),0) -> 0 | N32: =($B$63="Sale to Council")*_xlfn.IFNA(K32*INDEX($F$7:$F$15,MATCH(J32,$B$7:$B$15,0)),0) -> 0
E33: =_xlfn.IFNA(D33*INDEX($C$7:$C$15,MATCH(C33,$B$7:$B$15,0)),0) -> 0 | F33: =_xlfn.IFNA(D33*INDEX($D$7:$D$15,MATCH(C33,$B$7:$B$15,0)),0) -> 0 | L33: =_xlfn.IFNA(K33*INDEX($C$7:$C$15,MATCH(J33,$B$7:$B$15,0)),0) -> 0 | M33: =($B$63="Rent to Council")*_xlfn.IFNA(K33*INDEX($E$7:$E$15,MATCH(J33,$B$7:$B$15,0)),0) -> 0 | N33: =($B$63="Sale to Council")*_xlfn.IFNA(K33*INDEX($F$7:$F$15,MATCH(J33,$B$7:$B$15,0)),0) -> 0
E34: =_xlfn.IFNA(D34*INDEX($C$7:$C$15,MATCH(C34,$B$7:$B$15,0)),0) -> 0 | F34: =_xlfn.IFNA(D34*INDEX($D$7:$D$15,MATCH(C34,$B$7:$B$15,0)),0) -> 0 | L34: =_xlfn.IFNA(K34*INDEX($C$7:$C$15,MATCH(J34,$B$7:$B$15,0)),0) -> 0 | M34: =($B$63="Rent to Council")*_xlfn.IFNA(K34*INDEX($E$7:$E$15,MATCH(J34,$B$7:$B$15,0)),0) -> 0 | N34: =($B$63="Sale to Council")*_xlfn.IFNA(K34*INDEX($F$7:$F$15,MATCH(J34,$B$7:$B$15,0)),0) -> 0
B35: Total | D35: =SUM(D21:D34) -> 450 | E35: =SUM(E21:E34) -> 332500 | F35: =SUM(F21:F34) -> 912000 | I35: Total | K35: =SUM(K21:K34) -> 50 | L35: =SUM(L21:L34) -> 32500 | M35: =SUM(M21:M34) -> 66250 | N35: =SUM(N21:N34) -> 0
B37: Block Schedule
B39: Block | C39: # of units | D39: # of rented units | E39: NIA sqft | F39: GIA sqft | H39: Efficiency | I39: U/G PS | J39: Private Rented | K39: Rent Roll pm | L39: Part V Rented | M39: PV RR | N39: Construct Phase
B40: 1 | C40: =SUMIF($B$21:$B$34,B40,$D$21:$D$34)+SUMIF($I$21:$I$34,B40,$K$21:$K$34) -> 100 | D40: =SUMIF($B$21:$B$34,B40,$D$21:$D$34)+($B$63="Rent to Council")*SUMIF($I$21:$I$34,B40,$K$21:$K$34) -> 100 | E40: =SUMIF($B$21:$B$34,B40,$E$21:$E$34)+SUMIF($I$21:$I$34,B40,$L$21:$L$34) -> 55000 | F40: 72000 | H40: =IFERROR(E40/F40,0) -> 0.76388889 | I40: 100 | J40: =SUMIF($B$21:$B$34,B40,$D$21:$D$34) -> 90 | K40: =SUMIF($B$21:$B$34,B40,$F$21:$F$34) -> 119000 | L40: =($B$63="Rent to Council")*SUMIF($I$21:$I$34,B40,$K$21:$K$34) -> 10 | M40: =SUMIF($I$21:$I$34,B40,$M$21:$M$34) -> 8750 | N40: 1
B41: 2 | C41: =SUMIF($B$21:$B$34,B41,$D$21:$D$34)+SUMIF($I$21:$I$34,B41,$K$21:$K$34) -> 100 | D41: =SUMIF($B$21:$B$34,B41,$D$21:$D$34)+($B$63="Rent to Council")*SUMIF($I$21:$I$34,B41,$K$21:$K$34) -> 100 | E41: =SUMIF($B$21:$B$34,B41,$E$21:$E$34)+SUMIF($I$21:$I$34,B41,$L$21:$L$34) -> 70000 | F41: 80000 | H41: =IFERROR(E41/F41,0) -> 0.875 | I41: 100 | J41: =SUMIF($B$21:$B$34,B41,$D$21:$D$34) -> 90 | K41: =SUMIF($B$21:$B$34,B41,$F$21:$F$34) -> 174000 | L41: =($B$63="Rent to Council")*SUMIF($I$21:$I$34,B41,$K$21:$K$34) -> 10 | M41: =SUMIF($I$21:$I$34,B41,$M$21:$M$34) -> 12750 | N41: 1
B42: 3 | C42: =SUMIF($B$21:$B$34,B42,$D$21:$D$34)+SUMIF($I$21:$I$34,B42,$K$21:$K$34) -> 100 | D42: =SUMIF($B$21:$B$34,B42,$D$21:$D$34)+($B$63="Rent to Council")*SUMIF($I$21:$I$34,B42,$K$21:$K$34) -> 100 | E42: =SUMIF($B$21:$B$34,B42,$E$21:$E$34)+SUMIF($I$21:$I$34,B42,$L$21:$L$34) -> 90000 | F42: 105000 | H42: =IFERROR(E42/F42,0) -> 0.85714286 | I42: 100 | J42: =SUMIF($B$21:$B$34,B42,$D$21:$D$34) -> 90 | K42: =SUMIF($B$21:$B$34,B42,$F$21:$F$34) -> 240000 | L42: =($B$63="Rent to Council")*SUMIF($I$21:$I$34,B42,$K$21:$K$34) -> 10 | M42: =SUMIF($I$21:$I$34,B42,$M$21:$M$34) -> 24000 | N42: 1
B43: 4 | C43: =SUMIF($B$21:$B$34,B43,$D$21:$D$34)+SUMIF($I$21:$I$34,B43,$K$21:$K$34) -> 100 | D43: =SUMIF($B$21:$B$34,B43,$D$21:$D$34)+($B$63="Rent to Council")*SUMIF($I$21:$I$34,B43,$K$21:$K$34) -> 100 | E43: =SUMIF($B$21:$B$34,B43,$E$21:$E$34)+SUMIF($I$21:$I$34,B43,$L$21:$L$34) -> 80000 | F43: 93000 | H43: =IFERROR(E43/F43,0) -> 0.86021505 | I43: 100 | J43: =SUMIF($B$21:$B$34,B43,$D$21:$D$34) -> 90 | K43: =SUMIF($B$21:$B$34,B43,$F$21:$F$34) -> 199000 | L43: =($B$63="Rent to Council")*SUMIF($I$21:$I$34,B43,$K$21:$K$34) -> 10 | M43: =SUMIF($I$21:$I$34,B43,$M$21:$M$34) -> 8750 | N43: 1
B44: 5 | C44: =SUMIF($B$21:$B$34,B44,$D$21:$D$34)+SUMIF($I$21:$I$34,B44,$K$21:$K$34) -> 100 | D44: =SUMIF($B$21:$B$34,B44,$D$21:$D$34)+($B$63="Rent to Council")*SUMIF($I$21:$I$34,B44,$K$21:$K$34) -> 100 | E44: =SUMIF($B$21:$B$34,B44,$E$21:$E$34)+SUMIF($I$21:$I$34,B44,$L$21:$L$34) -> 70000 | F44: 80000 | H44: =IFERROR(E44/F44,0) -> 0.875 | I44: 100 | J44: =SUMIF($B$21:$B$34,B44,$D$21:$D$34) -> 90 | K44: =SUMIF($B$21:$B$34,B44,$F$21:$F$34) -> 180000 | L44: =($B$63="Rent to Council")*SUMIF($I$21:$I$34,B44,$K$21:$K$34) -> 10 | M44: =SUMIF($I$21:$I$34,B44,$M$21:$M$34) -> 12000 | N44: 2
B45: Total | C45: =SUM(C40:C44) -> 500 | D45: =SUM(D40:D44) -> 500 | E45: =SUM(E40:E44) -> 365000 | F45: =SUM(F40:F44) -> 430000 | H45: =IFERROR(E45/F45,0) -> 0.84883721 | I45: =SUM(I40:I44) -> 500 | J45: =SUM(J40:J44) -> 450 | K45: =SUM(K40:K44) -> 912000 | L45: =SUM(L40:L44) -> 50 | M45: =SUM(M40:M44) -> 66250 | N45: =MAX(N40:N44) -> 2
B48: Construction Phase Inputs / Outputs
B50: Construction Phase Schedule
B52: Phase | C52: Con. Start | D52: Months Build | E52: Con. End | F52: Rough Hard Cost | G52: # units constr. | H52: Cost Allocation | I52: 3 | J52: # of rented units | K52: GIA sqft | L52: U/G PS | M52: Rent Roll pm | N52: PV RR
B53: 1 | C53: 43983 | D53: 14 | E53: =EDATE(C53,D53) -> 44409 | F53: =K53*'Cost Schedule'!$C$62+L53*'Cost Schedule'!$C$65+J53*'Cost Schedule'!$C$67 -> 75400000 | G53: =SUMIF($N$40:$N$44,B53,$C$40:$C$44) -> 400 | H53: =F53/SUM($F$53:$F$57) -> 0.81293801 | I53: =EDATE(E53,-$I$52) -> 44317 | J53: =SUMIF($N$40:$N$44,B53,$D$40:$D$44) -> 400 | K53: =SUMIF($N$40:$N$44,B53,$F$40:$F$44) -> 350000 | L53: =SUMIF($N$40:$N$44,B53,$I$40:$I$44) -> 400 | M53: =SUMIF($N$40:$N$44,B53,$K$40:$K$44) -> 732000 | N53: =SUMIF($N$40:$N$44,B53,$M$40:$M$44) -> 54250
B54: 2 | C54: =EDATE(C53,4) -> 44105 | D54: 15 | E54: =EDATE(C54,D54) -> 44562 | F54: =K54*'Cost Schedule'!$C$62+L54*'Cost Schedule'!$C$65+J54*'Cost Schedule'!$C$67 -> 17350000 | G54: =SUMIF($N$40:$N$44,B54,$C$40:$C$44) -> 100 | H54: =F54/SUM($F$53:$F$57) -> 0.18706199 | I54: =EDATE(E54,-$I$52) -> 44470 | J54: =SUMIF($N$40:$N$44,B54,$D$40:$D$44) -> 100 | K54: =SUMIF($N$40:$N$44,B54,$F$40:$F$44) -> 80000 | L54: =SUMIF($N$40:$N$44,B54,$I$40:$I$44) -> 100 | M54: =SUMIF($N$40:$N$44,B54,$K$40:$K$44) -> 180000 | N54: =SUMIF($N$40:$N$44,B54,$M$40:$M$44) -> 12000
B55: 3 | C55: =EDATE(C54,4) -> 44228 | D55: 16 | E55: =EDATE(C55,D55) -> 44713 | F55: =K55*'Cost Schedule'!$C$62+L55*'Cost Schedule'!$C$65+J55*'Cost Schedule'!$C$67 -> 0 | G55: =SUMIF($N$40:$N$44,B55,$C$40:$C$44) -> 0 | H55: =F55/SUM($F$53:$F$57) -> 0 | I55: =EDATE(E55,-$I$52) -> 44621 | J55: =SUMIF($N$40:$N$44,B55,$D$40:$D$44) -> 0 | K55: =SUMIF($N$40:$N$44,B55,$F$40:$F$44) -> 0 | L55: =SUMIF($N$40:$N$44,B55,$I$40:$I$44) -> 0 | M55: =SUMIF($N$40:$N$44,B55,$K$40:$K$44) -> 0 | N55: =SUMIF($N$40:$N$44,B55,$M$40:$M$44) -> 0
B56: 4 | C56: =EDATE(C55,4) -> 44348 | D56: 18 | E56: =EDATE(C56,D56) -> 44896 | F56: =K56*'Cost Schedule'!$C$62+L56*'Cost Schedule'!$C$65+J56*'Cost Schedule'!$C$67 -> 0 | G56: =SUMIF($N$40:$N$44,B56,$C$40:$C$44) -> 0 | H56: =F56/SUM($F$53:$F$57) -> 0 | I56: =EDATE(E56,-$I$52) -> 44805 | J56: =SUMIF($N$40:$N$44,B56,$D$40:$D$44) -> 0 | K56: =SUMIF($N$40:$N$44,B56,$F$40:$F$44) -> 0 | L56: =SUMIF($N$40:$N$44,B56,$I$40:$I$44) -> 0 | M56: =SUMIF($N$40:$N$44,B56,$K$40:$K$44) -> 0 | N56: =SUMIF($N$40:$N$44,B56,$M$40:$M$44) -> 0
B57: 5 | C57: =EDATE(C56,4) -> 44470 | D57: 20 | E57: =EDATE(C57,D57) -> 45078 | F57: =K57*'Cost Schedule'!$C$62+L57*'Cost Schedule'!$C$65+J57*'Cost Schedule'!$C$67 -> 0 | G57: =SUMIF($N$40:$N$44,B57,$C$40:$C$44) -> 0 | H57: =F57/SUM($F$53:$F$57) -> 0 | I57: =EDATE(E57,-$I$52) -> 44986 | J57: =SUMIF($N$40:$N$44,B57,$D$40:$D$44) -> 0 | K57: =SUMIF($N$40:$N$44,B57,$F$40:$F$44) -> 0 | L57: =SUMIF($N$40:$N$44,B57,$I$40:$I$44) -> 0 | M57: =SUMIF($N$40:$N$44,B57,$K$40:$K$44) -> 0 | N57: =SUMIF($N$40:$N$44,B57,$M$40:$M$44) -> 0
B58: Total | C58: =MIN(C53:C57) -> 43983 | D58: =DATEDIF(C58,E58,"m") -> 19 | E58: =MAX(E53:OFFSET(E52,N45,0)) -> 44562 | F58: =SUM(F53:F57) -> 92750000 | G58: =SUM(G53:G57) -> 500 | J58: =SUM(J53:J57) -> 500 | K58: =SUM(K53:K57) -> 430000 | L58: =SUM(L53:L57) -> 500 | M58: =SUM(M53:M57) -> 912000 | N58: =SUM(N53:N57) -> 66250
B62: Method of Part V Disposal
B63: Rent to Council
